Workbook
Name DiffLevelEasy: Analysis!$AF$2
Name DiffLevelHard: Analysis!$AF$4
Name DiffLevelMedium: Analysis!$AF$3
Name DiffLevelNA: Analysis!$AF$6
Name DiffLevelVeryHard: Analysis!$AF$5
Name EL_AnswerChoice: 'Error Log'!$H$2
Name EL_Category: 'Error Log'!$F$2
Name EL_DifferentLevel: 'Error Log'!$D$2
Name EL_Percentile: 'Error Log'!$E$2
Name EL_Question: 'Error Log'!$A$2
Name EL_Result: 'Error Log'!$I$2
Name EL_Section: 'Error Log'!$C$2
Name EL_TimeTotal: 'Error Log'!$O$2
Name OG_2016_PS_Results: CR!$A$3:$F$100
Name OG_2016_PS_Results: 'RC'!$A$3:$F$103
Name OG_2016_PS_Results: SC!$A$3:$F$115

Sheet About
B2: GMAT CLUB - Contributing to Each Other's Learning
B4: ERROR LOG for the Official GMAT Verbal Review 2020 Edition
B5: Go to File > Make Copy or File > Download as to get your own personal copy Use this guide to: - Track your progress through the Official Guide for GMAT QUANTITATIVE Review 2020 ed. - To analyze your mistakes in the Official Guide (Error log and Analysis tabs) - To help find specific practice questions and build your custom practice tests that focus on your weak areas Good Luck on the GMAT! KalEl GMAT Club Note: 1. The 'Percentile' is an average/ range calculated using the OG19 error log's verbal section as a baseline as I wasn't able to source these for OG Verbal 2020 2. The 'Target Time' in the 'Error Log' sheet can be customised - check the sheet 'Target time' and input your own benchmarks

Sheet RC
A1: GMAT Club Guide to The GMAT Official Guide Verbal Review 2020
A2: Question | B2: ID | C2: Difficulty | D2: Percentile | E2: Answer Key | F2: Primary Category | G2: Question Text
A3: 1 | B3: RC | C3: Easy | E3: C | F3: Short Passage/Humanities | G3: Human beings born with a drive to explore and experiment
A4: 2 | B4: RC | C4: Medium | E4: E | F4: Short Passage/Humanities | G4: Human beings born with a drive to explore and experiment
A5: 3 | B5: RC | C5: Easy | E5: D | F5: Short Passage/Humanities | G5: Human beings born with a drive to explore and experiment
A6: 4 | B6: RC | C6: Medium | E6: E | F6: Short Passage/Humanities | G6: Human beings born with a drive to explore and experiment
A7: 5 | B7: RC | C7: Medium | E7: A | F7: Long Passage/Business | G7: Structural unemployment the unemployment that remains even at the peak
A8: 6 | B8: RC | C8: Medium | E8: C | F8: Long Passage/Business | G8: Structural unemployment the unemployment that remains even at the peak
A9: 7 | B9: RC | C9: Easy | E9: D | F9: Long Passage/Business | G9: Structural unemployment the unemployment that remains even at the peak
A10: 8 | B10: RC | C10: Medium | E10: B | F10: Long Passage/Business | G10: Structural unemployment the unemployment that remains even at the peak
A11: 9 | B11: RC | C11: Easy | E11: C | F11: Long Passage/Business | G11: Structural unemployment the unemployment that remains even at the peak
A12: 10 | B12: RC | C12: Medium | E12: D | F12: Long Passage/Business | G12: Structural unemployment the unemployment that remains even at the peak
A13: 11 | B13: RC | C13: Hard | E13: D | F13: Long Passage/Science | G13: In 1971 researchers hoping to predict earthquakes in the short term by
A14: 12 | B14: RC | C14: Easy | E14: B | F14: Long Passage/Science | G14: In 1971 researchers hoping to predict earthquakes in the short term by
... A103: 101 | B103: RC | C103: Hard | E103: A | F103: Long passage / Social Science | G103: In current historiography the picture of a consistent unequivocal de

Sheet CR
A1: GMAT Club Guide to The GMAT Official Guide Verbal Review 2020
A2: Question | B2: ID | C2: Difficulty | D2: Percentile | E2: OA | F2: Primary Category | G2: Question Text
A3: 102 | B3: CR | C3: Easy | E3: C | F3: Strengthen | G3: Phishco runs a number of farms in the arid province of nufa depending
A4: 103 | B4: CR | C4: Easy | E4: B | F4: Inference | G4: The sustained massive use of pesticides in farming has two
A5: 104 | B5: CR | C5: Easy | E5: B | F5: Complete the passage | G5: Manufacturers are now required to make all cigarette lighters child re
A6: 105 | B6: CR | C6: Easy | E6: A | F6: Complete the passage | G6: A business analysis of the appenian railroad system divided its long d
A7: 106 | B7: CR | C7: Medium | E7: C | F7: Strengthen | G7: In its search for new technologies for solar energy that can produce
A8: 107 | B8: CR | C8: Easy | E8: D | F8: Strengthen | G8: Verbal review 2 16 ed although ackerburg s subway system is currently
A9: 108 | B9: CR | C9: Easy | E9: B | F9: Assumption | G9: Sparrow airlines is planning to reduce its costs by cleaning its plane
A10: 109 | B10: CR | C10: Easy | E10: B | F10: Assumption | G10: Patrick usually provides child care for six children
A11: 110 | B11: CR | C11: Medium | E11: A | F11: Strengthen | G11: Editorial consumers in north america think that by drinking frozen co
A12: 111 | B12: CR | C12: Easy | E12: C | F12: Conclusion | G12: A computer equipped with signature recognition software
A13: 112 | B13: CR | C13: Easy | E13: D | F13: Resolve Paradox | G13: The rate at which a road wears depends on various factors including c
A14: 113 | B14: CR | C14: Hard | E14: E | F14: Assumption | G14: Ythex has developed a small diesel engine that produces 30 percent les
... A100: 199 | B100: CR | C100: Medium | E100: B | F100: Strengthen | G100: Qotd commemorative plaques cast from brass are a

Sheet SC
A1: GMAT Club Guide to The GMAT Official Guide Verbal Review 2020
A2: Question | B2: ID | C2: Difficulty | D2: Percentile | E2: OA | F2: Primary Category | G2: Question Text
A3: 200 | B3: SC | C3: Easy | E3: C | F3: Comparisons | G3: With respect to most species of animals they are evenly divided in
A4: 201 | B4: SC | C4: Easy | E4: A | F4: Gerund; Grammatical Construction | G4: Using digital enhancements of skull fragments from five prehistoric
A5: 202 | B5: SC | C5: Easy | E5: C | F5: Grammatical Construction | G5: The interior minister explained that one of the village planning
A6: 203 | B6: SC | C6: Easy | E6: E | F6: Comparisons; Parallel Structure | G6: Like ants termites have an elaborate social structure in which a few
A7: 204 | B7: SC | C7: Easy | E7: E | F7: Grammatical Construction; Modifiers | G7: Verbal og 2016 global warming is said to be responsible for extreme
A8: 205 | B8: SC | C8: Easy | E8: E | F8: Parallel Structure | G8: Hundreds of species of fish generate and discharge electric
A9: 206 | B9: SC | C9: Easy | E9: C | F9: Grammatical Construction | G9: Native to south america when peanuts were introduced to
A10: 207 | B10: SC | C10: Easy | E10: D | F10: Parallel Structure; Participle Para | G10: It stood twelve feet tall weighed nine thousand pounds and wielded
A11: 208 | B11: SC | C11: Easy | E11: E | F11: Meaning; Modifiers | G11: Studying skeletons unearthed near rome dna evidence was recovered by
A12: 209 | B12: SC | C12: Easy | E12: D | F12: Absolute Phrases; Meaning; Modifier | G12: Butterflies come in more than 17 000 species displaying a wing patter
A13: 210 | B13: SC | C13: Easy | E13: B | F13: Verb Tense/Form | G13: A march 2000 census bureau survey showed that mexico accounted for mor
A14: 211 | B14: SC | C14: Easy | E14: E | F14: Subject Verb Agreement | G14: Recently declassified information from military satellites in orbit th
... A115: 312 | B115: SC | C115: Easy | E115: D | F115: Parallel Structure | G115: Unlike auto insurance the frequency of claims

Sheet Error Log
A1: GMAT Club Guide to The GMAT Official Guide Quantitative Review 2020 | N1: Calculated Column | O1: User Input
A2: Question | B2: Verbal/Quant | C2: Section | D2: Difficulty Level | E2: Percentile | F2: Category | G2: Completed on | H2: Your Answer | I2: Result | J2: Completed Time (sec) | K2: Completed Time (mm:ss) | L2: Target Time (sec) | M2: Delta (sec) | N2: Delta (mm:ss) | O2: Comments
A3: 1 | B3: Verbal | C3: RC | D3: =VLOOKUP(A3,INDIRECT("'"&C3&"'!"&"A:G"),3,0) -> Easy | E3: =INDEX('Percentile (approx)'!$B$2:$E$4,MATCH(C3,'Percentile (approx)'!$A$2:$A$4,1),MATCH(D3,'Percentile (approx)'!$B$1:$E$1,1)) -> 5%-15% | F3: =VLOOKUP(A3,INDIRECT("'"&C3&"'!"&"A:G"),6,0) -> Short Passage/Humanities | I3: =IF(H3="","NA",IF(H3=VLOOKUP(A3,INDIRECT("'"&C3&"'!"&"A:G"),5,0), "Correct","Incorrect")) -> NA | J3: 90 | K3: =J3/86400 -> 0.0010416667 | L3: =INDEX('Target Time'!$B$2:$E$4,MATCH(C3,'Target Time'!$A$2:$A$4,1),MATCH(D3,'Target Time'!$B$1:$E$1,1)) -> 60 | M3: =J3-L3 -> 30 | N3: =ABS(J3-L3)/86400 -> 0.00034722222
A4: 2 | B4: Verbal | C4: RC | D4: =VLOOKUP(A4,INDIRECT("'"&C4&"'!"&"A:G"),3,0) -> Medium | E4: =INDEX('Percentile (approx)'!$B$2:$E$4,MATCH(C4,'Percentile (approx)'!$A$2:$A$4,1),MATCH(D4,'Percentile (approx)'!$B$1:$E$1,1)) -> 25%-65% | F4: =VLOOKUP(A4,INDIRECT("'"&C4&"'!"&"A:G"),6,0) -> Short Passage/Humanities | I4: =IF(H4="","NA",IF(H4=VLOOKUP(A4,INDIRECT("'"&C4&"'!"&"A:G"),5,0), "Correct","Incorrect")) -> NA | J4: 60 | K4: =J4/86400 -> 0.00069444444 | L4: =INDEX('Target Time'!$B$2:$E$4,MATCH(C4,'Target Time'!$A$2:$A$4,1),MATCH(D4,'Target Time'!$B$1:$E$1,1)) -> 90 | M4: =J4-L4 -> -30 | N4: =ABS(J4-L4)/86400 -> 0.00034722222
A5: 3 | B5: Verbal | C5: RC | D5: =VLOOKUP(A5,INDIRECT("'"&C5&"'!"&"A:G"),3,0) -> Easy | E5: =INDEX('Percentile (approx)'!$B$2:$E$4,MATCH(C5,'Percentile (approx)'!$A$2:$A$4,1),MATCH(D5,'Percentile (approx)'!$B$1:$E$1,1)) -> 5%-15% | F5: =VLOOKUP(A5,INDIRECT("'"&C5&"'!"&"A:G"),6,0) -> Short Passage/Humanities | I5: =IF(H5="","NA",IF(H5=VLOOKUP(A5,INDIRECT("'"&C5&"'!"&"A:G"),5,0), "Correct","Incorrect")) -> NA | J5: 90 | K5: =J5/86400 -> 0.0010416667 | L5: =INDEX('Target Time'!$B$2:$E$4,MATCH(C5,'Target Time'!$A$2:$A$4,1),MATCH(D5,'Target Time'!$B$1:$E$1,1)) -> 60 | M5: =J5-L5 -> 30 | N5: =ABS(J5-L5)/86400 -> 0.00034722222
A6: 4 | B6: Verbal | C6: RC | D6: =VLOOKUP(A6,INDIRECT("'"&C6&"'!"&"A:G"),3,0) -> Medium | E6: =INDEX('Percentile (approx)'!$B$2:$E$4,MATCH(C6,'Percentile (approx)'!$A$2:$A$4,1),MATCH(D6,'Percentile (approx)'!$B$1:$E$1,1)) -> 25%-65% | F6: =VLOOKUP(A6,INDIRECT("'"&C6&"'!"&"A:G"),6,0) -> Short Passage/Humanities | I6: =IF(H6="","NA",IF(H6=VLOOKUP(A6,INDIRECT("'"&C6&"'!"&"A:G"),5,0), "Correct","Incorrect")) -> NA | J6: 60 | K6: =J6/86400 -> 0.00069444444 | L6: =INDEX('Target Time'!$B$2:$E$4,MATCH(C6,'Target Time'!$A$2:$A$4,1),MATCH(D6,'Target Time'!$B$1:$E$1,1)) -> 90 | M6: =J6-L6 -> -30 | N6: =ABS(J6-L6)/86400 -> 0.00034722222
A7: 5 | B7: Verbal | C7: RC | D7: =VLOOKUP(A7,INDIRECT("'"&C7&"'!"&"A:G"),3,0) -> Medium | E7: =INDEX('Percentile (approx)'!$B$2:$E$4,MATCH(C7,'Percentile (approx)'!$A$2:$A$4,1),MATCH(D7,'Percentile (approx)'!$B$1:$E$1,1)) -> 25%-65% | F7: =VLOOKUP(A7,INDIRECT("'"&C7&"'!"&"A:G"),6,0) -> Long Passage/Business | I7: =IF(H7="","NA",IF(H7=VLOOKUP(A7,INDIRECT("'"&C7&"'!"&"A:G"),5,0), "Correct","Incorrect")) -> NA | K7: =J7/86400 -> 0 | L7: =INDEX('Target Time'!$B$2:$E$4,MATCH(C7,'Target Time'!$A$2:$A$4,1),MATCH(D7,'Target Time'!$B$1:$E$1,1)) -> 90 | M7: =J7-L7 -> -90 | N7: =ABS(J7-L7)/86400 -> 0.0010416667
A8: 6 | B8: Verbal | C8: RC | D8: =VLOOKUP(A8,INDIRECT("'"&C8&"'!"&"A:G"),3,0) -> Medium | E8: =INDEX('Percentile (approx)'!$B$2:$E$4,MATCH(C8,'Percentile (approx)'!$A$2:$A$4,1),MATCH(D8,'Percentile (approx)'!$B$1:$E$1,1)) -> 25%-65% | F8: =VLOOKUP(A8,INDIRECT("'"&C8&"'!"&"A:G"),6,0) -> Long Passage/Business | I8: =IF(H8="","NA",IF(H8=VLOOKUP(A8,INDIRECT("'"&C8&"'!"&"A:G"),5,0), "Correct","Incorrect")) -> NA | K8: =J8/86400 -> 0 | L8: =INDEX('Target Time'!$B$2:$E$4,MATCH(C8,'Target Time'!$A$2:$A$4,1),MATCH(D8,'Target Time'!$B$1:$E$1,1)) -> 90 | M8: =J8-L8 -> -90 | N8: =ABS(J8-L8)/86400 -> 0.0010416667
A9: 7 | B9: Verbal | C9: RC | D9: =VLOOKUP(A9,INDIRECT("'"&C9&"'!"&"A:G"),3,0) -> Easy | E9: =INDEX('Percentile (approx)'!$B$2:$E$4,MATCH(C9,'Percentile (approx)'!$A$2:$A$4,1),MATCH(D9,'Percentile (approx)'!$B$1:$E$1,1)) -> 5%-15% | F9: =VLOOKUP(A9,INDIRECT("'"&C9&"'!"&"A:G"),6,0) -> Long Passage/Business | I9: =IF(H9="","NA",IF(H9=VLOOKUP(A9,INDIRECT("'"&C9&"'!"&"A:G"),5,0), "Correct","Incorrect")) -> NA | K9: =J9/86400 -> 0 | L9: =INDEX('Target Time'!$B$2:$E$4,MATCH(C9,'Target Time'!$A$2:$A$4,1),MATCH(D9,'Target Time'!$B$1:$E$1,1)) -> 60 | M9: =J9-L9 -> -60 | N9: =ABS(J9-L9)/86400 -> 0.00069444444
A10: 8 | B10: Verbal | C10: RC | D10: =VLOOKUP(A10,INDIRECT("'"&C10&"'!"&"A:G"),3,0) -> Medium | E10: =INDEX('Percentile (approx)'!$B$2:$E$4,MATCH(C10,'Percentile (approx)'!$A$2:$A$4,1),MATCH(D10,'Percentile (approx)'!$B$1:$E$1,1)) -> 25%-65% | F10: =VLOOKUP(A10,INDIRECT("'"&C10&"'!"&"A:G"),6,0) -> Long Passage/Business | I10: =IF(H10="","NA",IF(H10=VLOOKUP(A10,INDIRECT("'"&C10&"'!"&"A:G"),5,0), "Correct","Incorrect")) -> NA | K10: =J10/86400 -> 0 | L10: =INDEX('Target Time'!$B$2:$E$4,MATCH(C10,'Target Time'!$A$2:$A$4,1),MATCH(D10,'Target Time'!$B$1:$E$1,1)) -> 90 | M10: =J10-L10 -> -90 | N10: =ABS(J10-L10)/86400 -> 0.0010416667
A11: 9 | B11: Verbal | C11: RC | D11: =VLOOKUP(A11,INDIRECT("'"&C11&"'!"&"A:G"),3,0) -> Easy | E11: =INDEX('Percentile (approx)'!$B$2:$E$4,MATCH(C11,'Percentile (approx)'!$A$2:$A$4,1),MATCH(D11,'Percentile (approx)'!$B$1:$E$1,1)) -> 5%-15% | F11: =VLOOKUP(A11,INDIRECT("'"&C11&"'!"&"A:G"),6,0) -> Long Passage/Business | I11: =IF(H11="","NA",IF(H11=VLOOKUP(A11,INDIRECT("'"&C11&"'!"&"A:G"),5,0), "Correct","Incorrect")) -> NA | K11: =J11/86400 -> 0 | L11: =INDEX('Target Time'!$B$2:$E$4,MATCH(C11,'Target Time'!$A$2:$A$4,1),MATCH(D11,'Target Time'!$B$1:$E$1,1)) -> 60 | M11: =J11-L11 -> -60 | N11: =ABS(J11-L11)/86400 -> 0.00069444444
A12: 10 | B12: Verbal | C12: RC | D12: =VLOOKUP(A12,INDIRECT("'"&C12&"'!"&"A:G"),3,0) -> Medium | E12: =INDEX('Percentile (approx)'!$B$2:$E$4,MATCH(C12,'Percentile (approx)'!$A$2:$A$4,1),MATCH(D12,'Percentile (approx)'!$B$1:$E$1,1)) -> 25%-65% | F12: =VLOOKUP(A12,INDIRECT("'"&C12&"'!"&"A:G"),6,0) -> Long Passage/Business | I12: =IF(H12="","NA",IF(H12=VLOOKUP(A12,INDIRECT("'"&C12&"'!"&"A:G"),5,0), "Correct","Incorrect")) -> NA | K12: =J12/86400 -> 0 | L12: =INDEX('Target Time'!$B$2:$E$4,MATCH(C12,'Target Time'!$A$2:$A$4,1),MATCH(D12,'Target Time'!$B$1:$E$1,1)) -> 90 | M12: =J12-L12 -> -90 | N12: =ABS(J12-L12)/86400 -> 0.0010416667
A13: 11 | B13: Verbal | C13: RC | D13: =VLOOKUP(A13,INDIRECT("'"&C13&"'!"&"A:G"),3,0) -> Hard | E13: =INDEX('Percentile (approx)'!$B$2:$E$4,MATCH(C13,'Percentile (approx)'!$A$2:$A$4,1),MATCH(D13,'Percentile (approx)'!$B$1:$E$1,1)) -> 5%-15% | F13: =VLOOKUP(A13,INDIRECT("'"&C13&"'!"&"A:G"),6,0) -> Long Passage/Science | I13: =IF(H13="","NA",IF(H13=VLOOKUP(A13,INDIRECT("'"&C13&"'!"&"A:G"),5,0), "Correct","Incorrect")) -> NA | K13: =J13/86400 -> 0 | L13: =INDEX('Target Time'!$B$2:$E$4,MATCH(C13,'Target Time'!$A$2:$A$4,1),MATCH(D13,'Target Time'!$B$1:$E$1,1)) -> 60 | M13: =J13-L13 -> -60 | N13: =ABS(J13-L13)/86400 -> 0.00069444444
A14: 12 | B14: Verbal | C14: RC | D14: =VLOOKUP(A14,INDIRECT("'"&C14&"'!"&"A:G"),3,0) -> Easy | E14: =INDEX('Percentile (approx)'!$B$2:$E$4,MATCH(C14,'Percentile (approx)'!$A$2:$A$4,1),MATCH(D14,'Percentile (approx)'!$B$1:$E$1,1)) -> 5%-15% | F14: =VLOOKUP(A14,INDIRECT("'"&C14&"'!"&"A:G"),6,0) -> Long Passage/Science | I14: =IF(H14="","NA",IF(H14=VLOOKUP(A14,INDIRECT("'"&C14&"'!"&"A:G"),5,0), "Correct","Incorrect")) -> NA | K14: =J14/86400 -> 0 | L14: =INDEX('Target Time'!$B$2:$E$4,MATCH(C14,'Target Time'!$A$2:$A$4,1),MATCH(D14,'Target Time'!$B$1:$E$1,1)) -> 60 | M14: =J14-L14 -> -60 | N14: =ABS(J14-L14)/86400 -> 0.00069444444
A15: 13 | B15: Verbal | C15: RC | D15: =VLOOKUP(A15,INDIRECT("'"&C15&"'!"&"A:G"),3,0) -> Medium | E15: =INDEX('Percentile (approx)'!$B$2:$E$4,MATCH(C15,'Percentile (approx)'!$A$2:$A$4,1),MATCH(D15,'Percentile (approx)'!$B$1:$E$1,1)) -> 25%-65% | F15: =VLOOKUP(A15,INDIRECT("'"&C15&"'!"&"A:G"),6,0) -> Long Passage/Science | I15: =IF(H15="","NA",IF(H15=VLOOKUP(A15,INDIRECT("'"&C15&"'!"&"A:G"),5,0), "Correct","Incorrect")) -> NA | K15: =J15/86400 -> 0 | L15: =INDEX('Target Time'!$B$2:$E$4,MATCH(C15,'Target Time'!$A$2:$A$4,1),MATCH(D15,'Target Time'!$B$1:$E$1,1)) -> 90 | M15: =J15-L15 -> -90 | N15: =ABS(J15-L15)/86400 -> 0.0010416667
A16: 14 | B16: Verbal | C16: RC | D16: =VLOOKUP(A16,INDIRECT("'"&C16&"'!"&"A:G"),3,0) -> Medium | E16: =INDEX('Percentile (approx)'!$B$2:$E$4,MATCH(C16,'Percentile (approx)'!$A$2:$A$4,1),MATCH(D16,'Percentile (approx)'!$B$1:$E$1,1)) -> 25%-65% | F16: =VLOOKUP(A16,INDIRECT("'"&C16&"'!"&"A:G"),6,0) -> Long Passage/Science | I16: =IF(H16="","NA",IF(H16=VLOOKUP(A16,INDIRECT("'"&C16&"'!"&"A:G"),5,0), "Correct","Incorrect")) -> NA | K16: =J16/86400 -> 0 | L16: =INDEX('Target Time'!$B$2:$E$4,MATCH(C16,'Target Time'!$A$2:$A$4,1),MATCH(D16,'Target Time'!$B$1:$E$1,1)) -> 90 | M16: =J16-L16 -> -90 | N16: =ABS(J16-L16)/86400 -> 0.0010416667
A17: 15 | B17: Verbal | C17: RC | D17: =VLOOKUP(A17,INDIRECT("'"&C17&"'!"&"A:G"),3,0) -> Medium | E17: =INDEX('Percentile (approx)'!$B$2:$E$4,MATCH(C17,'Percentile (approx)'!$A$2:$A$4,1),MATCH(D17,'Percentile (approx)'!$B$1:$E$1,1)) -> 25%-65% | F17: =VLOOKUP(A17,INDIRECT("'"&C17&"'!"&"A:G"),6,0) -> Long Passage/Science | I17: =IF(H17="","NA",IF(H17=VLOOKUP(A17,INDIRECT("'"&C17&"'!"&"A:G"),5,0), "Correct","Incorrect")) -> NA | K17: =J17/86400 -> 0 | L17: =INDEX('Target Time'!$B$2:$E$4,MATCH(C17,'Target Time'!$A$2:$A$4,1),MATCH(D17,'Target Time'!$B$1:$E$1,1)) -> 90 | M17: =J17-L17 -> -90 | N17: =ABS(J17-L17)/86400 -> 0.0010416667
A18: 16 | B18: Verbal | C18: RC | D18: =VLOOKUP(A18,INDIRECT("'"&C18&"'!"&"A:G"),3,0) -> Very Hard | E18: =INDEX('Percentile (approx)'!$B$2:$E$4,MATCH(C18,'Percentile (approx)'!$A$2:$A$4,1),MATCH(D18,'Percentile (approx)'!$B$1:$E$1,1)) -> 45%-95% | F18: =VLOOKUP(A18,INDIRECT("'"&C18&"'!"&"A:G"),6,0) -> Long Passage/Science | I18: =IF(H18="","NA",IF(H18=VLOOKUP(A18,INDIRECT("'"&C18&"'!"&"A:G"),5,0), "Correct","Incorrect")) -> NA | K18: =J18/86400 -> 0 | L18: =INDEX('Target Time'!$B$2:$E$4,MATCH(C18,'Target Time'!$A$2:$A$4,1),MATCH(D18,'Target Time'!$B$1:$E$1,1)) -> 180 | M18: =J18-L18 -> -180 | N18: =ABS(J18-L18)/86400 -> 0.0020833333
... A103: 101 | B103: Verbal | C103: RC | D103: =VLOOKUP(A103,INDIRECT("'"&C103&"'!"&"A:G"),3,0) -> Hard | E103: =INDEX('Percentile (approx)'!$B$2:$E$4,MATCH(C103,'Percentile (approx)'!$A$2:$A$4,1),MATCH(D103,'Percentile (approx)'!$B$1:$E$1,1)) -> 5%-15% | F103: =VLOOKUP(A103,INDIRECT("'"&C103&"'!"&"A:G"),6,0) -> Long passage / Social Science | I103: =IF(H103="","NA",IF(H103=VLOOKUP(A103,INDIRECT("'"&C103&"'!"&"A:G"),5,0), "Correct","Incorrect")) -> NA | K103: =J103/86400 -> 0 | L103: =INDEX('Target Time'!$B$2:$E$4,MATCH(C103,'Target Time'!$A$2:$A$4,1),MATCH(D103,'Target Time'!$B$1:$E$1,1)) -> 60 | M103: =J103-L103 -> -60 | N103: =ABS(J103-L103)/86400 -> 0.00069444444
A104: 102 | B104: Verbal | C104: CR | D104: =VLOOKUP(A104,INDIRECT("'"&C104&"'!"&"A:G"),3,0) -> Easy | E104: =INDEX('Percentile (approx)'!$B$2:$E$4,MATCH(C104,'Percentile (approx)'!$A$2:$A$4,1),MATCH(D104,'Percentile (approx)'!$B$1:$E$1,1)) -> 5%-15% | F104: =VLOOKUP(A104,INDIRECT("'"&C104&"'!"&"A:G"),6,0) -> Strengthen | I104: =IF(H104="","NA",IF(H104=VLOOKUP(A104,INDIRECT("'"&C104&"'!"&"A:G"),5,0), "Correct","Incorrect")) -> NA | J104: 20 | K104: =J104/86400 -> 0.00023148148 | L104: =INDEX('Target Time'!$B$2:$E$4,MATCH(C104,'Target Time'!$A$2:$A$4,1),MATCH(D104,'Target Time'!$B$1:$E$1,1)) -> 60 | M104: =J104-L104 -> -40 | N104: =ABS(J104-L104)/86400 -> 0.00046296296
A105: 103 | B105: Verbal | C105: CR | D105: =VLOOKUP(A105,INDIRECT("'"&C105&"'!"&"A:G"),3,0) -> Easy | E105: =INDEX('Percentile (approx)'!$B$2:$E$4,MATCH(C105,'Percentile (approx)'!$A$2:$A$4,1),MATCH(D105,'Percentile (approx)'!$B$1:$E$1,1)) -> 5%-15% | F105: =VLOOKUP(A105,INDIRECT("'"&C105&"'!"&"A:G"),6,0) -> Inference | I105: =IF(H105="","NA",IF(H105=VLOOKUP(A105,INDIRECT("'"&C105&"'!"&"A:G"),5,0), "Correct","Incorrect")) -> NA | J105: 50 | K105: =J105/86400 -> 0.0005787037 | L105: =INDEX('Target Time'!$B$2:$E$4,MATCH(C105,'Target Time'!$A$2:$A$4,1),MATCH(D105,'Target Time'!$B$1:$E$1,1)) -> 60 | M105: =J105-L105 -> -10 | N105: =ABS(J105-L105)/86400 -> 0.00011574074
A106: 104 | B106: Verbal | C106: CR | D106: =VLOOKUP(A106,INDIRECT("'"&C106&"'!"&"A:G"),3,0) -> Easy | E106: =INDEX('Percentile (approx)'!$B$2:$E$4,MATCH(C106,'Percentile (approx)'!$A$2:$A$4,1),MATCH(D106,'Percentile (approx)'!$B$1:$E$1,1)) -> 5%-15% | F106: =VLOOKUP(A106,INDIRECT("'"&C106&"'!"&"A:G"),6,0) -> Complete the passage | I106: =IF(H106="","NA",IF(H106=VLOOKUP(A106,INDIRECT("'"&C106&"'!"&"A:G"),5,0), "Correct","Incorrect")) -> NA | J106: 60 | K106: =J106/86400 -> 0.00069444444 | L106: =INDEX('Target Time'!$B$2:$E$4,MATCH(C106,'Target Time'!$A$2:$A$4,1),MATCH(D106,'Target Time'!$B$1:$E$1,1)) -> 60 | M106: =J106-L106 -> 0 | N106: =ABS(J106-L106)/86400 -> 0
A107: 105 | B107: Verbal | C107: CR | D107: =VLOOKUP(A107,INDIRECT("'"&C107&"'!"&"A:G"),3,0) -> Easy | E107: =INDEX('Percentile (approx)'!$B$2:$E$4,MATCH(C107,'Percentile (approx)'!$A$2:$A$4,1),MATCH(D107,'Percentile (approx)'!$B$1:$E$1,1)) -> 5%-15% | F107: =VLOOKUP(A107,INDIRECT("'"&C107&"'!"&"A:G"),6,0) -> Complete the passage | I107: =IF(H107="","NA",IF(H107=VLOOKUP(A107,INDIRECT("'"&C107&"'!"&"A:G"),5,0), "Correct","Incorrect")) -> NA | J107: 70 | K107: =J107/86400 -> 0.00081018519 | L107: =INDEX('Target Time'!$B$2:$E$4,MATCH(C107,'Target Time'!$A$2:$A$4,1),MATCH(D107,'Target Time'!$B$1:$E$1,1)) -> 60 | M107: =J107-L107 -> 10 | N107: =ABS(J107-L107)/86400 -> 0.00011574074
A108: 106 | B108: Verbal | C108: CR | D108: =VLOOKUP(A108,INDIRECT("'"&C108&"'!"&"A:G"),3,0) -> Medium | E108: =INDEX('Percentile (approx)'!$B$2:$E$4,MATCH(C108,'Percentile (approx)'!$A$2:$A$4,1),MATCH(D108,'Percentile (approx)'!$B$1:$E$1,1)) -> 25%-65% | F108: =VLOOKUP(A108,INDIRECT("'"&C108&"'!"&"A:G"),6,0) -> Strengthen | I108: =IF(H108="","NA",IF(H108=VLOOKUP(A108,INDIRECT("'"&C108&"'!"&"A:G"),5,0), "Correct","Incorrect")) -> NA | K108: =J108/86400 -> 0 | L108: =INDEX('Target Time'!$B$2:$E$4,MATCH(C108,'Target Time'!$A$2:$A$4,1),MATCH(D108,'Target Time'!$B$1:$E$1,1)) -> 90 | M108: =J108-L108 -> -90 | N108: =ABS(J108-L108)/86400 -> 0.0010416667
A109: 107 | B109: Verbal | C109: CR | D109: =VLOOKUP(A109,INDIRECT("'"&C109&"'!"&"A:G"),3,0) -> Easy | E109: =INDEX('Percentile (approx)'!$B$2:$E$4,MATCH(C109,'Percentile (approx)'!$A$2:$A$4,1),MATCH(D109,'Percentile (approx)'!$B$1:$E$1,1)) -> 5%-15% | F109: =VLOOKUP(A109,INDIRECT("'"&C109&"'!"&"A:G"),6,0) -> Strengthen | I109: =IF(H109="","NA",IF(H109=VLOOKUP(A109,INDIRECT("'"&C109&"'!"&"A:G"),5,0), "Correct","Incorrect")) -> NA | K109: =J109/86400 -> 0 | L109: =INDEX('Target Time'!$B$2:$E$4,MATCH(C109,'Target Time'!$A$2:$A$4,1),MATCH(D109,'Target Time'!$B$1:$E$1,1)) -> 60 | M109: =J109-L109 -> -60 | N109: =ABS(J109-L109)/86400 -> 0.00069444444
A110: 108 | B110: Verbal | C110: CR | D110: =VLOOKUP(A110,INDIRECT("'"&C110&"'!"&"A:G"),3,0) -> Easy | E110: =INDEX('Percentile (approx)'!$B$2:$E$4,MATCH(C110,'Percentile (approx)'!$A$2:$A$4,1),MATCH(D110,'Percentile (approx)'!$B$1:$E$1,1)) -> 5%-15% | F110: =VLOOKUP(A110,INDIRECT("'"&C110&"'!"&"A:G"),6,0) -> Assumption | I110: =IF(H110="","NA",IF(H110=VLOOKUP(A110,INDIRECT("'"&C110&"'!"&"A:G"),5,0), "Correct","Incorrect")) -> NA | K110: =J110/86400 -> 0 | L110: =INDEX('Target Time'!$B$2:$E$4,MATCH(C110,'Target Time'!$A$2:$A$4,1),MATCH(D110,'Target Time'!$B$1:$E$1,1)) -> 60 | M110: =J110-L110 -> -60 | N110: =ABS(J110-L110)/86400 -> 0.00069444444
A111: 109 | B111: Verbal | C111: CR | D111: =VLOOKUP(A111,INDIRECT("'"&C111&"'!"&"A:G"),3,0) -> Easy | E111: =INDEX('Percentile (approx)'!$B$2:$E$4,MATCH(C111,'Percentile (approx)'!$A$2:$A$4,1),MATCH(D111,'Percentile (approx)'!$B$1:$E$1,1)) -> 5%-15% | F111: =VLOOKUP(A111,INDIRECT("'"&C111&"'!"&"A:G"),6,0) -> Assumption | I111: =IF(H111="","NA",IF(H111=VLOOKUP(A111,INDIRECT("'"&C111&"'!"&"A:G"),5,0), "Correct","Incorrect")) -> NA | K111: =J111/86400 -> 0 | L111: =INDEX('Target Time'!$B$2:$E$4,MATCH(C111,'Target Time'!$A$2:$A$4,1),MATCH(D111,'Target Time'!$B$1:$E$1,1)) -> 60 | M111: =J111-L111 -> -60 | N111: =ABS(J111-L111)/86400 -> 0.00069444444
A112: 110 | B112: Verbal | C112: CR | D112: =VLOOKUP(A112,INDIRECT("'"&C112&"'!"&"A:G"),3,0) -> Medium | E112: =INDEX('Percentile (approx)'!$B$2:$E$4,MATCH(C112,'Percentile (approx)'!$A$2:$A$4,1),MATCH(D112,'Percentile (approx)'!$B$1:$E$1,1)) -> 25%-65% | F112: =VLOOKUP(A112,INDIRECT("'"&C112&"'!"&"A:G"),6,0) -> Strengthen | I112: =IF(H112="","NA",IF(H112=VLOOKUP(A112,INDIRECT("'"&C112&"'!"&"A:G"),5,0), "Correct","Incorrect")) -> NA | K112: =J112/86400 -> 0 | L112: =INDEX('Target Time'!$B$2:$E$4,MATCH(C112,'Target Time'!$A$2:$A$4,1),MATCH(D112,'Target Time'!$B$1:$E$1,1)) -> 90 | M112: =J112-L112 -> -90 | N112: =ABS(J112-L112)/86400 -> 0.0010416667
A113: 111 | B113: Verbal | C113: CR | D113: =VLOOKUP(A113,INDIRECT("'"&C113&"'!"&"A:G"),3,0) -> Easy | E113: =INDEX('Percentile (approx)'!$B$2:$E$4,MATCH(C113,'Percentile (approx)'!$A$2:$A$4,1),MATCH(D113,'Percentile (approx)'!$B$1:$E$1,1)) -> 5%-15% | F113: =VLOOKUP(A113,INDIRECT("'"&C113&"'!"&"A:G"),6,0) -> Conclusion | I113: =IF(H113="","NA",IF(H113=VLOOKUP(A113,INDIRECT("'"&C113&"'!"&"A:G"),5,0), "Correct","Incorrect")) -> NA | K113: =J113/86400 -> 0 | L113: =INDEX('Target Time'!$B$2:$E$4,MATCH(C113,'Target Time'!$A$2:$A$4,1),MATCH(D113,'Target Time'!$B$1:$E$1,1)) -> 60 | M113: =J113-L113 -> -60 | N113: =ABS(J113-L113)/86400 -> 0.00069444444
A114: 112 | B114: Verbal | C114: CR | D114: =VLOOKUP(A114,INDIRECT("'"&C114&"'!"&"A:G"),3,0) -> Easy | E114: =INDEX('Percentile (approx)'!$B$2:$E$4,MATCH(C114,'Percentile (approx)'!$A$2:$A$4,1),MATCH(D114,'Percentile (approx)'!$B$1:$E$1,1)) -> 5%-15% | F114: =VLOOKUP(A114,INDIRECT("'"&C114&"'!"&"A:G"),6,0) -> Resolve Paradox | I114: =IF(H114="","NA",IF(H114=VLOOKUP(A114,INDIRECT("'"&C114&"'!"&"A:G"),5,0), "Correct","Incorrect")) -> NA | K114: =J114/86400 -> 0 | L114: =INDEX('Target Time'!$B$2:$E$4,MATCH(C114,'Target Time'!$A$2:$A$4,1),MATCH(D114,'Target Time'!$B$1:$E$1,1)) -> 60 | M114: =J114-L114 -> -60 | N114: =ABS(J114-L114)/86400 -> 0.00069444444
A115: 113 | B115: Verbal | C115: CR | D115: =VLOOKUP(A115,INDIRECT("'"&C115&"'!"&"A:G"),3,0) -> Hard | E115: =INDEX('Percentile (approx)'!$B$2:$E$4,MATCH(C115,'Percentile (approx)'!$A$2:$A$4,1),MATCH(D115,'Percentile (approx)'!$B$1:$E$1,1)) -> 5%-15% | F115: =VLOOKUP(A115,INDIRECT("'"&C115&"'!"&"A:G"),6,0) -> Assumption | I115: =IF(H115="","NA",IF(H115=VLOOKUP(A115,INDIRECT("'"&C115&"'!"&"A:G"),5,0), "Correct","Incorrect")) -> NA | K115: =J115/86400 -> 0 | L115: =INDEX('Target Time'!$B$2:$E$4,MATCH(C115,'Target Time'!$A$2:$A$4,1),MATCH(D115,'Target Time'!$B$1:$E$1,1)) -> 60 | M115: =J115-L115 -> -60 | N115: =ABS(J115-L115)/86400 -> 0.00069444444
A116: 114 | B116: Verbal | C116: CR | D116: =VLOOKUP(A116,INDIRECT("'"&C116&"'!"&"A:G"),3,0) -> Easy | E116: =INDEX('Percentile (approx)'!$B$2:$E$4,MATCH(C116,'Percentile (approx)'!$A$2:$A$4,1),MATCH(D116,'Percentile (approx)'!$B$1:$E$1,1)) -> 5%-15% | F116: =VLOOKUP(A116,INDIRECT("'"&C116&"'!"&"A:G"),6,0) -> Must be True | I116: =IF(H116="","NA",IF(H116=VLOOKUP(A116,INDIRECT("'"&C116&"'!"&"A:G"),5,0), "Correct","Incorrect")) -> NA | K116: =J116/86400 -> 0 | L116: =INDEX('Target Time'!$B$2:$E$4,MATCH(C116,'Target Time'!$A$2:$A$4,1),MATCH(D116,'Target Time'!$B$1:$E$1,1)) -> 60 | M116: =J116-L116 -> -60 | N116: =ABS(J116-L116)/86400 -> 0.00069444444
A117: 115 | B117: Verbal | C117: CR | D117: =VLOOKUP(A117,INDIRECT("'"&C117&"'!"&"A:G"),3,0) -> Easy | E117: =INDEX('Percentile (approx)'!$B$2:$E$4,MATCH(C117,'Percentile (approx)'!$A$2:$A$4,1),MATCH(D117,'Percentile (approx)'!$B$1:$E$1,1)) -> 5%-15% | F117: =VLOOKUP(A117,INDIRECT("'"&C117&"'!"&"A:G"),6,0) -> Complete the passage | I117: =IF(H117="","NA",IF(H117=VLOOKUP(A117,INDIRECT("'"&C117&"'!"&"A:G"),5,0), "Correct","Incorrect")) -> NA | K117: =J117/86400 -> 0 | L117: =INDEX('Target Time'!$B$2:$E$4,MATCH(C117,'Target Time'!$A$2:$A$4,1),MATCH(D117,'Target Time'!$B$1:$E$1,1)) -> 60 | M117: =J117-L117 -> -60 | N117: =ABS(J117-L117)/86400 -> 0.00069444444
A118: 116 | B118: Verbal | C118: CR | D118: =VLOOKUP(A118,INDIRECT("'"&C118&"'!"&"A:G"),3,0) -> Very Hard | E118: =INDEX('Percentile (approx)'!$B$2:$E$4,MATCH(C118,'Percentile (approx)'!$A$2:$A$4,1),MATCH(D118,'Percentile (approx)'!$B$1:$E$1,1)) -> 45%-95% | F118: =VLOOKUP(A118,INDIRECT("'"&C118&"'!"&"A:G"),6,0) -> Assumption | I118: =IF(H118="","NA",IF(H118=VLOOKUP(A118,INDIRECT("'"&C118&"'!"&"A:G"),5,0), "Correct","Incorrect")) -> NA | K118: =J118/86400 -> 0 | L118: =INDEX('Target Time'!$B$2:$E$4,MATCH(C118,'Target Time'!$A$2:$A$4,1),MATCH(D118,'Target Time'!$B$1:$E$1,1)) -> 180 | M118: =J118-L118 -> -180 | N118: =ABS(J118-L118)/86400 -> 0.0020833333
A119: 117 | B119: Verbal | C119: CR | D119: =VLOOKUP(A119,INDIRECT("'"&C119&"'!"&"A:G"),3,0) -> Easy | E119: =INDEX('Percentile (approx)'!$B$2:$E$4,MATCH(C119,'Percentile (approx)'!$A$2:$A$4,1),MATCH(D119,'Percentile (approx)'!$B$1:$E$1,1)) -> 5%-15% | F119: =VLOOKUP(A119,INDIRECT("'"&C119&"'!"&"A:G"),6,0) -> Weaken | I119: =IF(H119="","NA",IF(H119=VLOOKUP(A119,INDIRECT("'"&C119&"'!"&"A:G"),5,0), "Correct","Incorrect")) -> NA | K119: =J119/86400 -> 0 | L119: =INDEX('Target Time'!$B$2:$E$4,MATCH(C119,'Target Time'!$A$2:$A$4,1),MATCH(D119,'Target Time'!$B$1:$E$1,1)) -> 60 | M119: =J119-L119 -> -60 | N119: =ABS(J119-L119)/86400 -> 0.00069444444
... A178: 176 | B178: Verbal | C178: CR | D178: =VLOOKUP(A178,INDIRECT("'"&C178&"'!"&"A:G"),3,0) -> Hard | E178: =INDEX('Percentile (approx)'!$B$2:$E$4,MATCH(C178,'Percentile (approx)'!$A$2:$A$4,1),MATCH(D178,'Percentile (approx)'!$B$1:$E$1,1)) -> 5%-15% | F178: =VLOOKUP(A178,INDIRECT("'"&C178&"'!"&"A:G"),6,0) -> Method of Reasoning | I178: =IF(H178="","NA",IF(H178=VLOOKUP(A178,INDIRECT("'"&C178&"'!"&"A:G"),5,0), "Correct","Incorrect")) -> NA | K178: =J178/86400 -> 0 | L178: =INDEX('Target Time'!$B$2:$E$4,MATCH(C178,'Target Time'!$A$2:$A$4,1),MATCH(D178,'Target Time'!$B$1:$E$1,1)) -> 60 | M178: =J178-L178 -> -60 | N178: =ABS(J178-L178)/86400 -> 0.00069444444
A179: 177 | B179: Verbal | C179: CR | D179: =VLOOKUP(A179,INDIRECT("'"&C179&"'!"&"A:G"),3,0) -> Hard | E179: =INDEX('Percentile (approx)'!$B$2:$E$4,MATCH(C179,'Percentile (approx)'!$A$2:$A$4,1),MATCH(D179,'Percentile (approx)'!$B$1:$E$1,1)) -> 5%-15% | F179: =VLOOKUP(A179,INDIRECT("'"&C179&"'!"&"A:G"),6,0) -> Assumption | I179: =IF(H179="","NA",IF(H179=VLOOKUP(A179,INDIRECT("'"&C179&"'!"&"A:G"),5,0), "Correct","Incorrect")) -> NA | J179: 36 | K179: =J179/86400 -> 0.00041666667 | L179: =INDEX('Target Time'!$B$2:$E$4,MATCH(C179,'Target Time'!$A$2:$A$4,1),MATCH(D179,'Target Time'!$B$1:$E$1,1)) -> 60 | M179: =J179-L179 -> -24 | N179: =ABS(J179-L179)/86400 -> 0.00027777778
A180: 178 | B180: Verbal | C180: CR | D180: =VLOOKUP(A180,INDIRECT("'"&C180&"'!"&"A:G"),3,0) -> Medium | E180: =INDEX('Percentile (approx)'!$B$2:$E$4,MATCH(C180,'Percentile (approx)'!$A$2:$A$4,1),MATCH(D180,'Percentile (approx)'!$B$1:$E$1,1)) -> 25%-65% | F180: =VLOOKUP(A180,INDIRECT("'"&C180&"'!"&"A:G"),6,0) -> Strengthen | I180: =IF(H180="","NA",IF(H180=VLOOKUP(A180,INDIRECT("'"&C180&"'!"&"A:G"),5,0), "Correct","Incorrect")) -> NA | J180: 43 | K180: =J180/86400 -> 0.00049768519 | L180: =INDEX('Target Time'!$B$2:$E$4,MATCH(C180,'Target Time'!$A$2:$A$4,1),MATCH(D180,'Target Time'!$B$1:$E$1,1)) -> 90 | M180: =J180-L180 -> -47 | N180: =ABS(J180-L180)/86400 -> 0.00054398148
A181: 179 | B181: Verbal | C181: CR | D181: =VLOOKUP(A181,INDIRECT("'"&C181&"'!"&"A:G"),3,0) -> Medium | E181: =INDEX('Percentile (approx)'!$B$2:$E$4,MATCH(C181,'Percentile (approx)'!$A$2:$A$4,1),MATCH(D181,'Percentile (approx)'!$B$1:$E$1,1)) -> 25%-65% | F181: =VLOOKUP(A181,INDIRECT("'"&C181&"'!"&"A:G"),6,0) -> Weaken | I181: =IF(H181="","NA",IF(H181=VLOOKUP(A181,INDIRECT("'"&C181&"'!"&"A:G"),5,0), "Correct","Incorrect")) -> NA | J181: 39 | K181: =J181/86400 -> 0.00045138889 | L181: =INDEX('Target Time'!$B$2:$E$4,MATCH(C181,'Target Time'!$A$2:$A$4,1),MATCH(D181,'Target Time'!$B$1:$E$1,1)) -> 90 | M181: =J181-L181 -> -51 | N181: =ABS(J181-L181)/86400 -> 0.00059027778
A182: 180 | B182: Verbal | C182: CR | D182: =VLOOKUP(A182,INDIRECT("'"&C182&"'!"&"A:G"),3,0) -> Hard | E182: =INDEX('Percentile (approx)'!$B$2:$E$4,MATCH(C182,'Percentile (approx)'!$A$2:$A$4,1),MATCH(D182,'Percentile (approx)'!$B$1:$E$1,1)) -> 5%-15% | F182: =VLOOKUP(A182,INDIRECT("'"&C182&"'!"&"A:G"),6,0) -> Bold Face | I182: =IF(H182="","NA",IF(H182=VLOOKUP(A182,INDIRECT("'"&C182&"'!"&"A:G"),5,0), "Correct","Incorrect")) -> NA | J182: 28 | K182: =J182/86400 -> 0.00032407407 | L182: =INDEX('Target Time'!$B$2:$E$4,MATCH(C182,'Target Time'!$A$2:$A$4,1),MATCH(D182,'Target Time'!$B$1:$E$1,1)) -> 60 | M182: =J182-L182 -> -32 | N182: =ABS(J182-L182)/86400 -> 0.00037037037
A183: 181 | B183: Verbal | C183: CR | D183: =VLOOKUP(A183,INDIRECT("'"&C183&"'!"&"A:G"),3,0) -> Hard | E183: =INDEX('Percentile (approx)'!$B$2:$E$4,MATCH(C183,'Percentile (approx)'!$A$2:$A$4,1),MATCH(D183,'Percentile (approx)'!$B$1:$E$1,1)) -> 5%-15% | F183: =VLOOKUP(A183,INDIRECT("'"&C183&"'!"&"A:G"),6,0) -> Strengthen | I183: =IF(H183="","NA",IF(H183=VLOOKUP(A183,INDIRECT("'"&C183&"'!"&"A:G"),5,0), "Correct","Incorrect")) -> NA | J183: 71 | K183: =J183/86400 -> 0.00082175926 | L183: =INDEX('Target Time'!$B$2:$E$4,MATCH(C183,'Target Time'!$A$2:$A$4,1),MATCH(D183,'Target Time'!$B$1:$E$1,1)) -> 60 | M183: =J183-L183 -> 11 | N183: =ABS(J183-L183)/86400 -> 0.00012731481
A184: 182 | B184: Verbal | C184: CR | D184: =VLOOKUP(A184,INDIRECT("'"&C184&"'!"&"A:G"),3,0) -> Hard | E184: =INDEX('Percentile (approx)'!$B$2:$E$4,MATCH(C184,'Percentile (approx)'!$A$2:$A$4,1),MATCH(D184,'Percentile (approx)'!$B$1:$E$1,1)) -> 5%-15% | F184: =VLOOKUP(A184,INDIRECT("'"&C184&"'!"&"A:G"),6,0) -> Weaken | I184: =IF(H184="","NA",IF(H184=VLOOKUP(A184,INDIRECT("'"&C184&"'!"&"A:G"),5,0), "Correct","Incorrect")) -> NA | J184: 28 | K184: =J184/86400 -> 0.00032407407 | L184: =INDEX('Target Time'!$B$2:$E$4,MATCH(C184,'Target Time'!$A$2:$A$4,1),MATCH(D184,'Target Time'!$B$1:$E$1,1)) -> 60 | M184: =J184-L184 -> -32 | N184: =ABS(J184-L184)/86400 -> 0.00037037037
A185: 183 | B185: Verbal | C185: CR | D185: =VLOOKUP(A185,INDIRECT("'"&C185&"'!"&"A:G"),3,0) -> Medium | E185: =INDEX('Percentile (approx)'!$B$2:$E$4,MATCH(C185,'Percentile (approx)'!$A$2:$A$4,1),MATCH(D185,'Percentile (approx)'!$B$1:$E$1,1)) -> 25%-65% | F185: =VLOOKUP(A185,INDIRECT("'"&C185&"'!"&"A:G"),6,0) -> Assumption | I185: =IF(H185="","NA",IF(H185=VLOOKUP(A185,INDIRECT("'"&C185&"'!"&"A:G"),5,0), "Correct","Incorrect")) -> NA | J185: 48 | K185: =J185/86400 -> 0.00055555556 | L185: =INDEX('Target Time'!$B$2:$E$4,MATCH(C185,'Target Time'!$A$2:$A$4,1),MATCH(D185,'Target Time'!$B$1:$E$1,1)) -> 90 | M185: =J185-L185 -> -42 | N185: =ABS(J185-L185)/86400 -> 0.00048611111
A186: 184 | B186: Verbal | C186: CR | D186: =VLOOKUP(A186,INDIRECT("'"&C186&"'!"&"A:G"),3,0) -> Hard | E186: =INDEX('Percentile (approx)'!$B$2:$E$4,MATCH(C186,'Percentile (approx)'!$A$2:$A$4,1),MATCH(D186,'Percentile (approx)'!$B$1:$E$1,1)) -> 5%-15% | F186: =VLOOKUP(A186,INDIRECT("'"&C186&"'!"&"A:G"),6,0) -> Weaken | I186: =IF(H186="","NA",IF(H186=VLOOKUP(A186,INDIRECT("'"&C186&"'!"&"A:G"),5,0), "Correct","Incorrect")) -> NA | J186: 84 | K186: =J186/86400 -> 0.00097222222 | L186: =INDEX('Target Time'!$B$2:$E$4,MATCH(C186,'Target Time'!$A$2:$A$4,1),MATCH(D186,'Target Time'!$B$1:$E$1,1)) -> 60 | M186: =J186-L186 -> 24 | N186: =ABS(J186-L186)/86400 -> 0.00027777778
A187: 185 | B187: Verbal | C187: CR | D187: =VLOOKUP(A187,INDIRECT("'"&C187&"'!"&"A:G"),3,0) -> Medium | E187: =INDEX('Percentile (approx)'!$B$2:$E$4,MATCH(C187,'Percentile (approx)'!$A$2:$A$4,1),MATCH(D187,'Percentile (approx)'!$B$1:$E$1,1)) -> 25%-65% | F187: =VLOOKUP(A187,INDIRECT("'"&C187&"'!"&"A:G"),6,0) -> Complete the Passage | I187: =IF(H187="","NA",IF(H187=VLOOKUP(A187,INDIRECT("'"&C187&"'!"&"A:G"),5,0), "Correct","Incorrect")) -> NA | J187: 125 | K187: =J187/86400 -> 0.0014467593 | L187: =INDEX('Target Time'!$B$2:$E$4,MATCH(C187,'Target Time'!$A$2:$A$4,1),MATCH(D187,'Target Time'!$B$1:$E$1,1)) -> 90 | M187: =J187-L187 -> 35 | N187: =ABS(J187-L187)/86400 -> 0.00040509259
A188: 186 | B188: Verbal | C188: CR | D188: =VLOOKUP(A188,INDIRECT("'"&C188&"'!"&"A:G"),3,0) -> Medium | E188: =INDEX('Percentile (approx)'!$B$2:$E$4,MATCH(C188,'Percentile (approx)'!$A$2:$A$4,1),MATCH(D188,'Percentile (approx)'!$B$1:$E$1,1)) -> 25%-65% | F188: =VLOOKUP(A188,INDIRECT("'"&C188&"'!"&"A:G"),6,0) -> Strengthen | I188: =IF(H188="","NA",IF(H188=VLOOKUP(A188,INDIRECT("'"&C188&"'!"&"A:G"),5,0), "Correct","Incorrect")) -> NA | J188: 49 | K188: =J188/86400 -> 0.00056712963 | L188: =INDEX('Target Time'!$B$2:$E$4,MATCH(C188,'Target Time'!$A$2:$A$4,1),MATCH(D188,'Target Time'!$B$1:$E$1,1)) -> 90 | M188: =J188-L188 -> -41 | N188: =ABS(J188-L188)/86400 -> 0.00047453704 | O188: Read problem, x>0 is given
A189: 187 | B189: Verbal | C189: CR | D189: =VLOOKUP(A189,INDIRECT("'"&C189&"'!"&"A:G"),3,0) -> Hard | E189: =INDEX('Percentile (approx)'!$B$2:$E$4,MATCH(C189,'Percentile (approx)'!$A$2:$A$4,1),MATCH(D189,'Percentile (approx)'!$B$1:$E$1,1)) -> 5%-15% | F189: =VLOOKUP(A189,INDIRECT("'"&C189&"'!"&"A:G"),6,0) -> Weaken | I189: =IF(H189="","NA",IF(H189=VLOOKUP(A189,INDIRECT("'"&C189&"'!"&"A:G"),5,0), "Correct","Incorrect")) -> NA | J189: 130 | K189: =J189/86400 -> 0.0015046296 | L189: =INDEX('Target Time'!$B$2:$E$4,MATCH(C189,'Target Time'!$A$2:$A$4,1),MATCH(D189,'Target Time'!$B$1:$E$1,1)) -> 60 | M189: =J189-L189 -> 70 | N189: =ABS(J189-L189)/86400 -> 0.00081018519
A190: 188 | B190: Verbal | C190: CR | D190: =VLOOKUP(A190,INDIRECT("'"&C190&"'!"&"A:G"),3,0) -> Easy | E190: =INDEX('Percentile (approx)'!$B$2:$E$4,MATCH(C190,'Percentile (approx)'!$A$2:$A$4,1),MATCH(D190,'Percentile (approx)'!$B$1:$E$1,1)) -> 5%-15% | F190: =VLOOKUP(A190,INDIRECT("'"&C190&"'!"&"A:G"),6,0) -> Weaken | I190: =IF(H190="","NA",IF(H190=VLOOKUP(A190,INDIRECT("'"&C190&"'!"&"A:G"),5,0), "Correct","Incorrect")) -> NA | J190: 75 | K190: =J190/86400 -> 0.00086805556 | L190: =INDEX('Target Time'!$B$2:$E$4,MATCH(C190,'Target Time'!$A$2:$A$4,1),MATCH(D190,'Target Time'!$B$1:$E$1,1)) -> 60 | M190: =J190-L190 -> 15 | N190: =ABS(J190-L190)/86400 -> 0.00017361111
A191: 189 | B191: Verbal | C191: CR | D191: =VLOOKUP(A191,INDIRECT("'"&C191&"'!"&"A:G"),3,0) -> Hard | E191: =INDEX('Percentile (approx)'!$B$2:$E$4,MATCH(C191,'Percentile (approx)'!$A$2:$A$4,1),MATCH(D191,'Percentile (approx)'!$B$1:$E$1,1)) -> 5%-15% | F191: =VLOOKUP(A191,INDIRECT("'"&C191&"'!"&"A:G"),6,0) -> Evaluate Argument | I191: =IF(H191="","NA",IF(H191=VLOOKUP(A191,INDIRECT("'"&C191&"'!"&"A:G"),5,0), "Correct","Incorrect")) -> NA | K191: =J191/86400 -> 0 | L191: =INDEX('Target Time'!$B$2:$E$4,MATCH(C191,'Target Time'!$A$2:$A$4,1),MATCH(D191,'Target Time'!$B$1:$E$1,1)) -> 60 | M191: =J191-L191 -> -60 | N191: =ABS(J191-L191)/86400 -> 0.00069444444
A192: 190 | B192: Verbal | C192: CR | D192: =VLOOKUP(A192,INDIRECT("'"&C192&"'!"&"A:G"),3,0) -> Medium | E192: =INDEX('Percentile (approx)'!$B$2:$E$4,MATCH(C192,'Percentile (approx)'!$A$2:$A$4,1),MATCH(D192,'Percentile (approx)'!$B$1:$E$1,1)) -> 25%-65% | F192: =VLOOKUP(A192,INDIRECT("'"&C192&"'!"&"A:G"),6,0) -> Weaken | I192: =IF(H192="","NA",IF(H192=VLOOKUP(A192,INDIRECT("'"&C192&"'!"&"A:G"),5,0), "Correct","Incorrect")) -> NA | K192: =J192/86400 -> 0 | L192: =INDEX('Target Time'!$B$2:$E$4,MATCH(C192,'Target Time'!$A$2:$A$4,1),MATCH(D192,'Target Time'!$B$1:$E$1,1)) -> 90 | M192: =J192-L192 -> -90 | N192: =ABS(J192-L192)/86400 -> 0.0010416667
A193: 191 | B193: Verbal | C193: CR | D193: =VLOOKUP(A193,INDIRECT("'"&C193&"'!"&"A:G"),3,0) -> Hard | E193: =INDEX('Percentile (approx)'!$B$2:$E$4,MATCH(C193,'Percentile (approx)'!$A$2:$A$4,1),MATCH(D193,'Percentile (approx)'!$B$1:$E$1,1)) -> 5%-15% | F193: =VLOOKUP(A193,INDIRECT("'"&C193&"'!"&"A:G"),6,0) -> Assumption | I193: =IF(H193="","NA",IF(H193=VLOOKUP(A193,INDIRECT("'"&C193&"'!"&"A:G"),5,0), "Correct","Incorrect")) -> NA | K193: =J193/86400 -> 0 | L193: =INDEX('Target Time'!$B$2:$E$4,MATCH(C193,'Target Time'!$A$2:$A$4,1),MATCH(D193,'Target Time'!$B$1:$E$1,1)) -> 60 | M193: =J193-L193 -> -60 | N193: =ABS(J193-L193)/86400 -> 0.00069444444
A194: 192 | B194: Verbal | C194: CR | D194: =VLOOKUP(A194,INDIRECT("'"&C194&"'!"&"A:G"),3,0) -> Hard | E194: =INDEX('Percentile (approx)'!$B$2:$E$4,MATCH(C194,'Percentile (approx)'!$A$2:$A$4,1),MATCH(D194,'Percentile (approx)'!$B$1:$E$1,1)) -> 5%-15% | F194: =VLOOKUP(A194,INDIRECT("'"&C194&"'!"&"A:G"),6,0) -> Strengthen | I194: =IF(H194="","NA",IF(H194=VLOOKUP(A194,INDIRECT("'"&C194&"'!"&"A:G"),5,0), "Correct","Incorrect")) -> NA | K194: =J194/86400 -> 0 | L194: =INDEX('Target Time'!$B$2:$E$4,MATCH(C194,'Target Time'!$A$2:$A$4,1),MATCH(D194,'Target Time'!$B$1:$E$1,1)) -> 60 | M194: =J194-L194 -> -60 | N194: =ABS(J194-L194)/86400 -> 0.00069444444
A195: 193 | B195: Verbal | C195: CR | D195: =VLOOKUP(A195,INDIRECT("'"&C195&"'!"&"A:G"),3,0) -> Hard | E195: =INDEX('Percentile (approx)'!$B$2:$E$4,MATCH(C195,'Percentile (approx)'!$A$2:$A$4,1),MATCH(D195,'Percentile (approx)'!$B$1:$E$1,1)) -> 5%-15% | F195: =VLOOKUP(A195,INDIRECT("'"&C195&"'!"&"A:G"),6,0) -> Logical Flaw | I195: =IF(H195="","NA",IF(H195=VLOOKUP(A195,INDIRECT("'"&C195&"'!"&"A:G"),5,0), "Correct","Incorrect")) -> NA | K195: =J195/86400 -> 0 | L195: =INDEX('Target Time'!$B$2:$E$4,MATCH(C195,'Target Time'!$A$2:$A$4,1),MATCH(D195,'Target Time'!$B$1:$E$1,1)) -> 60 | M195: =J195-L195 -> -60 | N195: =ABS(J195-L195)/86400 -> 0.00069444444
A196: 194 | B196: Verbal | C196: CR | D196: =VLOOKUP(A196,INDIRECT("'"&C196&"'!"&"A:G"),3,0) -> Very Hard | E196: =INDEX('Percentile (approx)'!$B$2:$E$4,MATCH(C196,'Percentile (approx)'!$A$2:$A$4,1),MATCH(D196,'Percentile (approx)'!$B$1:$E$1,1)) -> 45%-95% | F196: =VLOOKUP(A196,INDIRECT("'"&C196&"'!"&"A:G"),6,0) -> Bold Face | I196: =IF(H196="","NA",IF(H196=VLOOKUP(A196,INDIRECT("'"&C196&"'!"&"A:G"),5,0), "Correct","Incorrect")) -> NA | K196: =J196/86400 -> 0 | L196: =INDEX('Target Time'!$B$2:$E$4,MATCH(C196,'Target Time'!$A$2:$A$4,1),MATCH(D196,'Target Time'!$B$1:$E$1,1)) -> 180 | M196: =J196-L196 -> -180 | N196: =ABS(J196-L196)/86400 -> 0.0020833333
A197: 195 | B197: Verbal | C197: CR | D197: =VLOOKUP(A197,INDIRECT("'"&C197&"'!"&"A:G"),3,0) -> Medium | E197: =INDEX('Percentile (approx)'!$B$2:$E$4,MATCH(C197,'Percentile (approx)'!$A$2:$A$4,1),MATCH(D197,'Percentile (approx)'!$B$1:$E$1,1)) -> 25%-65% | F197: =VLOOKUP(A197,INDIRECT("'"&C197&"'!"&"A:G"),6,0) -> Assumption | I197: =IF(H197="","NA",IF(H197=VLOOKUP(A197,INDIRECT("'"&C197&"'!"&"A:G"),5,0), "Correct","Incorrect")) -> NA | K197: =J197/86400 -> 0 | L197: =INDEX('Target Time'!$B$2:$E$4,MATCH(C197,'Target Time'!$A$2:$A$4,1),MATCH(D197,'Target Time'!$B$1:$E$1,1)) -> 90 | M197: =J197-L197 -> -90 | N197: =ABS(J197-L197)/86400 -> 0.0010416667
A198: 196 | B198: Verbal | C198: CR | D198: =VLOOKUP(A198,INDIRECT("'"&C198&"'!"&"A:G"),3,0) -> Medium | E198: =INDEX('Percentile (approx)'!$B$2:$E$4,MATCH(C198,'Percentile (approx)'!$A$2:$A$4,1),MATCH(D198,'Percentile (approx)'!$B$1:$E$1,1)) -> 25%-65% | F198: =VLOOKUP(A198,INDIRECT("'"&C198&"'!"&"A:G"),6,0) -> Weaken | I198: =IF(H198="","NA",IF(H198=VLOOKUP(A198,INDIRECT("'"&C198&"'!"&"A:G"),5,0), "Correct","Incorrect")) -> NA | K198: =J198/86400 -> 0 | L198: =INDEX('Target Time'!$B$2:$E$4,MATCH(C198,'Target Time'!$A$2:$A$4,1),MATCH(D198,'Target Time'!$B$1:$E$1,1)) -> 90 | M198: =J198-L198 -> -90 | N198: =ABS(J198-L198)/86400 -> 0.0010416667
A199: 197 | B199: Verbal | C199: CR | D199: =VLOOKUP(A199,INDIRECT("'"&C199&"'!"&"A:G"),3,0) -> Very Hard | E199: =INDEX('Percentile (approx)'!$B$2:$E$4,MATCH(C199,'Percentile (approx)'!$A$2:$A$4,1),MATCH(D199,'Percentile (approx)'!$B$1:$E$1,1)) -> 45%-95% | F199: =VLOOKUP(A199,INDIRECT("'"&C199&"'!"&"A:G"),6,0) -> Weaken | I199: =IF(H199="","NA",IF(H199=VLOOKUP(A199,INDIRECT("'"&C199&"'!"&"A:G"),5,0), "Correct","Incorrect")) -> NA | K199: =J199/86400 -> 0 | L199: =INDEX('Target Time'!$B$2:$E$4,MATCH(C199,'Target Time'!$A$2:$A$4,1),MATCH(D199,'Target Time'!$B$1:$E$1,1)) -> 180 | M199: =J199-L199 -> -180 | N199: =ABS(J199-L199)/86400 -> 0.0020833333
A200: 198 | B200: Verbal | C200: CR | D200: =VLOOKUP(A200,INDIRECT("'"&C200&"'!"&"A:G"),3,0) -> Very Hard | E200: =INDEX('Percentile (approx)'!$B$2:$E$4,MATCH(C200,'Percentile (approx)'!$A$2:$A$4,1),MATCH(D200,'Percentile (approx)'!$B$1:$E$1,1)) -> 45%-95% | F200: =VLOOKUP(A200,INDIRECT("'"&C200&"'!"&"A:G"),6,0) -> Weaken | I200: =IF(H200="","NA",IF(H200=VLOOKUP(A200,INDIRECT("'"&C200&"'!"&"A:G"),5,0), "Correct","Incorrect")) -> NA | K200: =J200/86400 -> 0 | L200: =INDEX('Target Time'!$B$2:$E$4,MATCH(C200,'Target Time'!$A$2:$A$4,1),MATCH(D200,'Target Time'!$B$1:$E$1,1)) -> 180 | M200: =J200-L200 -> -180 | N200: =ABS(J200-L200)/86400 -> 0.0020833333
A201: 199 | B201: Verbal | C201: CR | D201: =VLOOKUP(A201,INDIRECT("'"&C201&"'!"&"A:G"),3,0) -> Medium | E201: =INDEX('Percentile (approx)'!$B$2:$E$4,MATCH(C201,'Percentile (approx)'!$A$2:$A$4,1),MATCH(D201,'Percentile (approx)'!$B$1:$E$1,1)) -> 25%-65% | F201: =VLOOKUP(A201,INDIRECT("'"&C201&"'!"&"A:G"),6,0) -> Strengthen | I201: =IF(H201="","NA",IF(H201=VLOOKUP(A201,INDIRECT("'"&C201&"'!"&"A:G"),5,0), "Correct","Incorrect")) -> NA | K201: =J201/86400 -> 0 | L201: =INDEX('Target Time'!$B$2:$E$4,MATCH(C201,'Target Time'!$A$2:$A$4,1),MATCH(D201,'Target Time'!$B$1:$E$1,1)) -> 90 | M201: =J201-L201 -> -90 | N201: =ABS(J201-L201)/86400 -> 0.0010416667
A202: 200 | B202: Verbal | C202: SC | D202: =VLOOKUP(A202,INDIRECT("'"&C202&"'!"&"A:G"),3,0) -> Easy | E202: =INDEX('Percentile (approx)'!$B$2:$E$4,MATCH(C202,'Percentile (approx)'!$A$2:$A$4,1),MATCH(D202,'Percentile (approx)'!$B$1:$E$1,1)) -> 5%-45% | F202: =VLOOKUP(A202,INDIRECT("'"&C202&"'!"&"A:G"),6,0) -> Comparisons | I202: =IF(H202="","NA",IF(H202=VLOOKUP(A202,INDIRECT("'"&C202&"'!"&"A:G"),5,0), "Correct","Incorrect")) -> NA | J202: 100 | K202: =J202/86400 -> 0.0011574074 | L202: =INDEX('Target Time'!$B$2:$E$4,MATCH(C202,'Target Time'!$A$2:$A$4,1),MATCH(D202,'Target Time'!$B$1:$E$1,1)) -> 60 | M202: =J202-L202 -> 40 | N202: =ABS(J202-L202)/86400 -> 0.00046296296
A203: 201 | B203: Verbal | C203: SC | D203: =VLOOKUP(A203,INDIRECT("'"&C203&"'!"&"A:G"),3,0) -> Easy | E203: =INDEX('Percentile (approx)'!$B$2:$E$4,MATCH(C203,'Percentile (approx)'!$A$2:$A$4,1),MATCH(D203,'Percentile (approx)'!$B$1:$E$1,1)) -> 5%-45% | F203: =VLOOKUP(A203,INDIRECT("'"&C203&"'!"&"A:G"),6,0) -> Gerund; Grammatical Construction | I203: =IF(H203="","NA",IF(H203=VLOOKUP(A203,INDIRECT("'"&C203&"'!"&"A:G"),5,0), "Correct","Incorrect")) -> NA | J203: 100 | K203: =J203/86400 -> 0.0011574074 | L203: =INDEX('Target Time'!$B$2:$E$4,MATCH(C203,'Target Time'!$A$2:$A$4,1),MATCH(D203,'Target Time'!$B$1:$E$1,1)) -> 60 | M203: =J203-L203 -> 40 | N203: =ABS(J203-L203)/86400 -> 0.00046296296
A204: 202 | B204: Verbal | C204: SC | D204: =VLOOKUP(A204,INDIRECT("'"&C204&"'!"&"A:G"),3,0) -> Easy | E204: =INDEX('Percentile (approx)'!$B$2:$E$4,MATCH(C204,'Percentile (approx)'!$A$2:$A$4,1),MATCH(D204,'Percentile (approx)'!$B$1:$E$1,1)) -> 5%-45% | F204: =VLOOKUP(A204,INDIRECT("'"&C204&"'!"&"A:G"),6,0) -> Grammatical Construction | I204: =IF(H204="","NA",IF(H204=VLOOKUP(A204,INDIRECT("'"&C204&"'!"&"A:G"),5,0), "Correct","Incorrect")) -> NA | J204: 50 | K204: =J204/86400 -> 0.0005787037 | L204: =INDEX('Target Time'!$B$2:$E$4,MATCH(C204,'Target Time'!$A$2:$A$4,1),MATCH(D204,'Target Time'!$B$1:$E$1,1)) -> 60 | M204: =J204-L204 -> -10 | N204: =ABS(J204-L204)/86400 -> 0.00011574074
A205: 203 | B205: Verbal | C205: SC | D205: =VLOOKUP(A205,INDIRECT("'"&C205&"'!"&"A:G"),3,0) -> Easy | E205: =INDEX('Percentile (approx)'!$B$2:$E$4,MATCH(C205,'Percentile (approx)'!$A$2:$A$4,1),MATCH(D205,'Percentile (approx)'!$B$1:$E$1,1)) -> 5%-45% | F205: =VLOOKUP(A205,INDIRECT("'"&C205&"'!"&"A:G"),6,0) -> Comparisons; Parallel Structure | I205: =IF(H205="","NA",IF(H205=VLOOKUP(A205,INDIRECT("'"&C205&"'!"&"A:G"),5,0), "Correct","Incorrect")) -> NA | J205: 40 | K205: =J205/86400 -> 0.00046296296 | L205: =INDEX('Target Time'!$B$2:$E$4,MATCH(C205,'Target Time'!$A$2:$A$4,1),MATCH(D205,'Target Time'!$B$1:$E$1,1)) -> 60 | M205: =J205-L205 -> -20 | N205: =ABS(J205-L205)/86400 -> 0.00023148148
A206: 204 | B206: Verbal | C206: SC | D206: =VLOOKUP(A206,INDIRECT("'"&C206&"'!"&"A:G"),3,0) -> Easy | E206: =INDEX('Percentile (approx)'!$B$2:$E$4,MATCH(C206,'Percentile (approx)'!$A$2:$A$4,1),MATCH(D206,'Percentile (approx)'!$B$1:$E$1,1)) -> 5%-45% | F206: =VLOOKUP(A206,INDIRECT("'"&C206&"'!"&"A:G"),6,0) -> Grammatical Construction; Modifiers | I206: =IF(H206="","NA",IF(H206=VLOOKUP(A206,INDIRECT("'"&C206&"'!"&"A:G"),5,0), "Correct","Incorrect")) -> NA | J206: 30 | K206: =J206/86400 -> 0.00034722222 | L206: =INDEX('Target Time'!$B$2:$E$4,MATCH(C206,'Target Time'!$A$2:$A$4,1),MATCH(D206,'Target Time'!$B$1:$E$1,1)) -> 60 | M206: =J206-L206 -> -30 | N206: =ABS(J206-L206)/86400 -> 0.00034722222
A207: 205 | B207: Verbal | C207: SC | D207: =VLOOKUP(A207,INDIRECT("'"&C207&"'!"&"A:G"),3,0) -> Easy | E207: =INDEX('Percentile (approx)'!$B$2:$E$4,MATCH(C207,'Percentile (approx)'!$A$2:$A$4,1),MATCH(D207,'Percentile (approx)'!$B$1:$E$1,1)) -> 5%-45% | F207: =VLOOKUP(A207,INDIRECT("'"&C207&"'!"&"A:G"),6,0) -> Parallel Structure | I207: =IF(H207="","NA",IF(H207=VLOOKUP(A207,INDIRECT("'"&C207&"'!"&"A:G"),5,0), "Correct","Incorrect")) -> NA | K207: =J207/86400 -> 0 | L207: =INDEX('Target Time'!$B$2:$E$4,MATCH(C207,'Target Time'!$A$2:$A$4,1),MATCH(D207,'Target Time'!$B$1:$E$1,1)) -> 60 | M207: =J207-L207 -> -60 | N207: =ABS(J207-L207)/86400 -> 0.00069444444
A208: 206 | B208: Verbal | C208: SC | D208: =VLOOKUP(A208,INDIRECT("'"&C208&"'!"&"A:G"),3,0) -> Easy | E208: =INDEX('Percentile (approx)'!$B$2:$E$4,MATCH(C208,'Percentile (approx)'!$A$2:$A$4,1),MATCH(D208,'Percentile (approx)'!$B$1:$E$1,1)) -> 5%-45% | F208: =VLOOKUP(A208,INDIRECT("'"&C208&"'!"&"A:G"),6,0) -> Grammatical Construction | I208: =IF(H208="","NA",IF(H208=VLOOKUP(A208,INDIRECT("'"&C208&"'!"&"A:G"),5,0), "Correct","Incorrect")) -> NA | K208: =J208/86400 -> 0 | L208: =INDEX('Target Time'!$B$2:$E$4,MATCH(C208,'Target Time'!$A$2:$A$4,1),MATCH(D208,'Target Time'!$B$1:$E$1,1)) -> 60 | M208: =J208-L208 -> -60 | N208: =ABS(J208-L208)/86400 -> 0.00069444444
A209: 207 | B209: Verbal | C209: SC | D209: =VLOOKUP(A209,INDIRECT("'"&C209&"'!"&"A:G"),3,0) -> Easy | E209: =INDEX('Percentile (approx)'!$B$2:$E$4,MATCH(C209,'Percentile (approx)'!$A$2:$A$4,1),MATCH(D209,'Percentile (approx)'!$B$1:$E$1,1)) -> 5%-45% | F209: =VLOOKUP(A209,INDIRECT("'"&C209&"'!"&"A:G"),6,0) -> Parallel Structure; Participle Para | I209: =IF(H209="","NA",IF(H209=VLOOKUP(A209,INDIRECT("'"&C209&"'!"&"A:G"),5,0), "Correct","Incorrect")) -> NA | K209: =J209/86400 -> 0 | L209: =INDEX('Target Time'!$B$2:$E$4,MATCH(C209,'Target Time'!$A$2:$A$4,1),MATCH(D209,'Target Time'!$B$1:$E$1,1)) -> 60 | M209: =J209-L209 -> -60 | N209: =ABS(J209-L209)/86400 -> 0.00069444444
A210: 208 | B210: Verbal | C210: SC | D210: =VLOOKUP(A210,INDIRECT("'"&C210&"'!"&"A:G"),3,0) -> Easy | E210: =INDEX('Percentile (approx)'!$B$2:$E$4,MATCH(C210,'Percentile (approx)'!$A$2:$A$4,1),MATCH(D210,'Percentile (approx)'!$B$1:$E$1,1)) -> 5%-45% | F210: =VLOOKUP(A210,INDIRECT("'"&C210&"'!"&"A:G"),6,0) -> Meaning; Modifiers | I210: =IF(H210="","NA",IF(H210=VLOOKUP(A210,INDIRECT("'"&C210&"'!"&"A:G"),5,0), "Correct","Incorrect")) -> NA | K210: =J210/86400 -> 0 | L210: =INDEX('Target Time'!$B$2:$E$4,MATCH(C210,'Target Time'!$A$2:$A$4,1),MATCH(D210,'Target Time'!$B$1:$E$1,1)) -> 60 | M210: =J210-L210 -> -60 | N210: =ABS(J210-L210)/86400 -> 0.00069444444
A211: 209 | B211: Verbal | C211: SC | D211: =VLOOKUP(A211,INDIRECT("'"&C211&"'!"&"A:G"),3,0) -> Easy | E211: =INDEX('Percentile (approx)'!$B$2:$E$4,MATCH(C211,'Percentile (approx)'!$A$2:$A$4,1),MATCH(D211,'Percentile (approx)'!$B$1:$E$1,1)) -> 5%-45% | F211: =VLOOKUP(A211,INDIRECT("'"&C211&"'!"&"A:G"),6,0) -> Absolute Phrases; Meaning; Modifier | I211: =IF(H211="","NA",IF(H211=VLOOKUP(A211,INDIRECT("'"&C211&"'!"&"A:G"),5,0), "Correct","Incorrect")) -> NA | K211: =J211/86400 -> 0 | L211: =INDEX('Target Time'!$B$2:$E$4,MATCH(C211,'Target Time'!$A$2:$A$4,1),MATCH(D211,'Target Time'!$B$1:$E$1,1)) -> 60 | M211: =J211-L211 -> -60 | N211: =ABS(J211-L211)/86400 -> 0.00069444444
A212: 210 | B212: Verbal | C212: SC | D212: =VLOOKUP(A212,INDIRECT("'"&C212&"'!"&"A:G"),3,0) -> Easy | E212: =INDEX('Percentile (approx)'!$B$2:$E$4,MATCH(C212,'Percentile (approx)'!$A$2:$A$4,1),MATCH(D212,'Percentile (approx)'!$B$1:$E$1,1)) -> 5%-45% | F212: =VLOOKUP(A212,INDIRECT("'"&C212&"'!"&"A:G"),6,0) -> Verb Tense/Form | I212: =IF(H212="","NA",IF(H212=VLOOKUP(A212,INDIRECT("'"&C212&"'!"&"A:G"),5,0), "Correct","Incorrect")) -> NA | K212: =J212/86400 -> 0 | L212: =INDEX('Target Time'!$B$2:$E$4,MATCH(C212,'Target Time'!$A$2:$A$4,1),MATCH(D212,'Target Time'!$B$1:$E$1,1)) -> 60 | M212: =J212-L212 -> -60 | N212: =ABS(J212-L212)/86400 -> 0.00069444444
A213: 211 | B213: Verbal | C213: SC | D213: =VLOOKUP(A213,INDIRECT("'"&C213&"'!"&"A:G"),3,0) -> Easy | E213: =INDEX('Percentile (approx)'!$B$2:$E$4,MATCH(C213,'Percentile (approx)'!$A$2:$A$4,1),MATCH(D213,'Percentile (approx)'!$B$1:$E$1,1)) -> 5%-45% | F213: =VLOOKUP(A213,INDIRECT("'"&C213&"'!"&"A:G"),6,0) -> Subject Verb Agreement | I213: =IF(H213="","NA",IF(H213=VLOOKUP(A213,INDIRECT("'"&C213&"'!"&"A:G"),5,0), "Correct","Incorrect")) -> NA | K213: =J213/86400 -> 0 | L213: =INDEX('Target Time'!$B$2:$E$4,MATCH(C213,'Target Time'!$A$2:$A$4,1),MATCH(D213,'Target Time'!$B$1:$E$1,1)) -> 60 | M213: =J213-L213 -> -60 | N213: =ABS(J213-L213)/86400 -> 0.00069444444
A214: 212 | B214: Verbal | C214: SC | D214: =VLOOKUP(A214,INDIRECT("'"&C214&"'!"&"A:G"),3,0) -> Easy | E214: =INDEX('Percentile (approx)'!$B$2:$E$4,MATCH(C214,'Percentile (approx)'!$A$2:$A$4,1),MATCH(D214,'Percentile (approx)'!$B$1:$E$1,1)) -> 5%-45% | F214: =VLOOKUP(A214,INDIRECT("'"&C214&"'!"&"A:G"),6,0) -> Grammatical Construction | I214: =IF(H214="","NA",IF(H214=VLOOKUP(A214,INDIRECT("'"&C214&"'!"&"A:G"),5,0), "Correct","Incorrect")) -> NA | K214: =J214/86400 -> 0 | L214: =INDEX('Target Time'!$B$2:$E$4,MATCH(C214,'Target Time'!$A$2:$A$4,1),MATCH(D214,'Target Time'!$B$1:$E$1,1)) -> 60 | M214: =J214-L214 -> -60 | N214: =ABS(J214-L214)/86400 -> 0.00069444444
A215: 213 | B215: Verbal | C215: SC | D215: =VLOOKUP(A215,INDIRECT("'"&C215&"'!"&"A:G"),3,0) -> Easy | E215: =INDEX('Percentile (approx)'!$B$2:$E$4,MATCH(C215,'Percentile (approx)'!$A$2:$A$4,1),MATCH(D215,'Percentile (approx)'!$B$1:$E$1,1)) -> 5%-45% | F215: =VLOOKUP(A215,INDIRECT("'"&C215&"'!"&"A:G"),6,0) -> Subject Verb Agreement; Modifiers | I215: =IF(H215="","NA",IF(H215=VLOOKUP(A215,INDIRECT("'"&C215&"'!"&"A:G"),5,0), "Correct","Incorrect")) -> NA | K215: =J215/86400 -> 0 | L215: =INDEX('Target Time'!$B$2:$E$4,MATCH(C215,'Target Time'!$A$2:$A$4,1),MATCH(D215,'Target Time'!$B$1:$E$1,1)) -> 60 | M215: =J215-L215 -> -60 | N215: =ABS(J215-L215)/86400 -> 0.00069444444
A216: 214 | B216: Verbal | C216: SC | D216: =VLOOKUP(A216,INDIRECT("'"&C216&"'!"&"A:G"),3,0) -> Easy | E216: =INDEX('Percentile (approx)'!$B$2:$E$4,MATCH(C216,'Percentile (approx)'!$A$2:$A$4,1),MATCH(D216,'Percentile (approx)'!$B$1:$E$1,1)) -> 5%-45% | F216: =VLOOKUP(A216,INDIRECT("'"&C216&"'!"&"A:G"),6,0) -> Parallel Structure | I216: =IF(H216="","NA",IF(H216=VLOOKUP(A216,INDIRECT("'"&C216&"'!"&"A:G"),5,0), "Correct","Incorrect")) -> NA | K216: =J216/86400 -> 0 | L216: =INDEX('Target Time'!$B$2:$E$4,MATCH(C216,'Target Time'!$A$2:$A$4,1),MATCH(D216,'Target Time'!$B$1:$E$1,1)) -> 60 | M216: =J216-L216 -> -60 | N216: =ABS(J216-L216)/86400 -> 0.00069444444
A217: 215 | B217: Verbal | C217: SC | D217: =VLOOKUP(A217,INDIRECT("'"&C217&"'!"&"A:G"),3,0) -> Easy | E217: =INDEX('Percentile (approx)'!$B$2:$E$4,MATCH(C217,'Percentile (approx)'!$A$2:$A$4,1),MATCH(D217,'Percentile (approx)'!$B$1:$E$1,1)) -> 5%-45% | F217: =VLOOKUP(A217,INDIRECT("'"&C217&"'!"&"A:G"),6,0) -> Grammatical Construction; Verb Tens | I217: =IF(H217="","NA",IF(H217=VLOOKUP(A217,INDIRECT("'"&C217&"'!"&"A:G"),5,0), "Correct","Incorrect")) -> NA | K217: =J217/86400 -> 0 | L217: =INDEX('Target Time'!$B$2:$E$4,MATCH(C217,'Target Time'!$A$2:$A$4,1),MATCH(D217,'Target Time'!$B$1:$E$1,1)) -> 60 | M217: =J217-L217 -> -60 | N217: =ABS(J217-L217)/86400 -> 0.00069444444
A218: 216 | B218: Verbal | C218: SC | D218: =VLOOKUP(A218,INDIRECT("'"&C218&"'!"&"A:G"),3,0) -> Medium | E218: =INDEX('Percentile (approx)'!$B$2:$E$4,MATCH(C218,'Percentile (approx)'!$A$2:$A$4,1),MATCH(D218,'Percentile (approx)'!$B$1:$E$1,1)) -> 25%-55% | F218: =VLOOKUP(A218,INDIRECT("'"&C218&"'!"&"A:G"),6,0) -> Grammatical Construction; Meaning; | I218: =IF(H218="","NA",IF(H218=VLOOKUP(A218,INDIRECT("'"&C218&"'!"&"A:G"),5,0), "Correct","Incorrect")) -> NA | K218: =J218/86400 -> 0 | L218: =INDEX('Target Time'!$B$2:$E$4,MATCH(C218,'Target Time'!$A$2:$A$4,1),MATCH(D218,'Target Time'!$B$1:$E$1,1)) -> 90 | M218: =J218-L218 -> -90 | N218: =ABS(J218-L218)/86400 -> 0.0010416667
... A313: 311 | B313: Verbal | C313: SC | D313: =VLOOKUP(A313,INDIRECT("'"&C313&"'!"&"A:G"),3,0) -> Medium | E313: =INDEX('Percentile (approx)'!$B$2:$E$4,MATCH(C313,'Percentile (approx)'!$A$2:$A$4,1),MATCH(D313,'Percentile (approx)'!$B$1:$E$1,1)) -> 25%-55% | F313: =VLOOKUP(A313,INDIRECT("'"&C313&"'!"&"A:G"),6,0) -> Diction; Modifiers; Parallel Struct | I313: =IF(H313="","NA",IF(H313=VLOOKUP(A313,INDIRECT("'"&C313&"'!"&"A:G"),5,0), "Correct","Incorrect")) -> NA | K313: =J313/86400 -> 0 | L313: =INDEX('Target Time'!$B$2:$E$4,MATCH(C313,'Target Time'!$A$2:$A$4,1),MATCH(D313,'Target Time'!$B$1:$E$1,1)) -> 90 | M313: =J313-L313 -> -90 | N313: =ABS(J313-L313)/86400 -> 0.0010416667
A314: 312 | B314: Verbal | C314: SC | D314: =VLOOKUP(A314,INDIRECT("'"&C314&"'!"&"A:G"),3,0) -> Easy | E314: =INDEX('Percentile (approx)'!$B$2:$E$4,MATCH(C314,'Percentile (approx)'!$A$2:$A$4,1),MATCH(D314,'Percentile (approx)'!$B$1:$E$1,1)) -> 5%-45% | F314: =VLOOKUP(A314,INDIRECT("'"&C314&"'!"&"A:G"),6,0) -> Parallel Structure | I314: =IF(H314="","NA",IF(H314=VLOOKUP(A314,INDIRECT("'"&C314&"'!"&"A:G"),5,0), "Correct","Incorrect")) -> NA | K314: =J314/86400 -> 0 | L314: =INDEX('Target Time'!$B$2:$E$4,MATCH(C314,'Target Time'!$A$2:$A$4,1),MATCH(D314,'Target Time'!$B$1:$E$1,1)) -> 60 | M314: 90 | N314: =ABS(J314-L314)/86400 -> 0.00069444444

Sheet Analysis
A1: GMAT Club Guide to The GMAT Official Guide Verbal Review 2020
A3: Table 1. Analysis Table with General Information | AF3: Difficult level | AG3: Answer Choice | AH3: Section | AI3: Timer precise
AF4: Easy | AG4: A | AH4: PS | AI4: 0
A5: Section | B5: Sub-Section | C5: Result | G5: Your avg. Time | AF5: Medium | AG5: B | AH5: DS | AI5: 1
C6: Correct | D6: Incorrect | E6: NA | F6: Grand Total | AF6: Hard | AG6: C | AH6: RC
A7: Verbal | B7: RC | C7: =COUNTIFS('Error Log'!$I$3:$I$314,C$6,'Error Log'!$C$3:$C$314,$B7) -> 0 | D7: =COUNTIFS('Error Log'!$I$3:$I$314,D$6,'Error Log'!$C$3:$C$314,$B7) -> 0 | E7: =COUNTIFS('Error Log'!$I$3:$I$314,E$6,'Error Log'!$C$3:$C$314,$B7) -> 101 | F7: =SUM(C7:E7) -> 101 | G7: =IFERROR(AVERAGEIFS('Error Log'!$K$3:$K$314,'Error Log'!$C$3:$C$314,Analysis!B7,'Error Log'!$H$3:$H$314,"<>"),0) -> 0 | AF7: Very Hard | AG7: D | AH7: CR
B8: CR | C8: =COUNTIFS('Error Log'!$I$3:$I$314,C$6,'Error Log'!$C$3:$C$314,$B8) -> 0 | D8: =COUNTIFS('Error Log'!$I$3:$I$314,D$6,'Error Log'!$C$3:$C$314,$B8) -> 0 | E8: =COUNTIFS('Error Log'!$I$3:$I$314,E$6,'Error Log'!$C$3:$C$314,$B8) -> 98 | F8: =SUM(C8:E8) -> 98 | G8: =IFERROR(AVERAGEIFS('Error Log'!$K$3:$K$314,'Error Log'!$C$3:$C$314,Analysis!B8,'Error Log'!$H$3:$H$314,"<>"),0) -> 0
B9: SC | C9: =COUNTIFS('Error Log'!$I$3:$I$314,C$6,'Error Log'!$C$3:$C$314,$B9) -> 0 | D9: =COUNTIFS('Error Log'!$I$3:$I$314,D$6,'Error Log'!$C$3:$C$314,$B9) -> 0 | E9: =COUNTIFS('Error Log'!$I$3:$I$314,E$6,'Error Log'!$C$3:$C$314,$B9) -> 113 | F9: =SUM(C9:E9) -> 113 | G9: =IFERROR(AVERAGEIFS('Error Log'!$K$3:$K$314,'Error Log'!$C$3:$C$314,Analysis!B9,'Error Log'!$H$3:$H$314,"<>"),0) -> 0 | AF9: N/A | AG9: E | AH9: SC
A10: Quant Total | C10: =SUM(C7:C9) -> 0 | D10: =SUM(D7:D9) -> 0 | E10: =SUM(E7:E9) -> 312 | F10: =SUM(C10:E10) -> 312 | G10: =IFERROR(AVERAGEIFS('Error Log'!$O$3:$O$302,'Error Log'!$B$3:$B$302,"Quant",'Error Log'!$H$3:$H$302,"<>"),0) -> 0 | AH10: Practice
A13: Figure 2.
A34: Table 3. Analysis table with difficult level
A36: Section | B36: Sub-Section | C36: Difficult Level | D36: Result | G36: Grand Total | H36: Your avg. Time
D37: Correct | E37: Incorrect | F37: NA
A38: Verbal | B38: RC | C38: Easy | D38: =COUNTIFS('Error Log'!$I$3:$I$314,D$37,'Error Log'!$C$3:$C$314,$B$38,'Error Log'!$D$3:$D$314,$C38) -> 0 | E38: =COUNTIFS('Error Log'!$I$3:$I$314,E$37,'Error Log'!$C$3:$C$314,$B$38,'Error Log'!$D$3:$D$314,C38) -> 0 | F38: =COUNTIFS('Error Log'!$I$3:$I$314,F$37,'Error Log'!$C$3:$C$314,$B$38,'Error Log'!$D$3:$D$314,C38) -> 21 | G38: =SUM(D38:F38) -> 21 | H38: =IFERROR(AVERAGEIFS('Error Log'!$K$3:$K$314,'Error Log'!$C$3:$C$314,Analysis!B38,'Error Log'!$H$3:$H$314,"<>",'Error Log'!$D$3:$D$314,C38),0) -> 0
C39: Medium | D39: =COUNTIFS('Error Log'!$I$3:$I$314,D$37,'Error Log'!$C$3:$C$314,$B$38,'Error Log'!$D$3:$D$314,$C39) -> 0 | E39: =COUNTIFS('Error Log'!$I$3:$I$314,E$37,'Error Log'!$C$3:$C$314,$B$38,'Error Log'!$D$3:$D$314,C39) -> 0 | F39: =COUNTIFS('Error Log'!$I$3:$I$314,F$37,'Error Log'!$C$3:$C$314,$B$38,'Error Log'!$D$3:$D$314,C39) -> 47 | G39: =SUM(D39:F39) -> 47 | H39: =IFERROR(AVERAGEIFS('Error Log'!$K$3:$K$314,'Error Log'!$C$3:$C$314,Analysis!B39,'Error Log'!$H$3:$H$314,"<>",'Error Log'!$D$3:$D$314,C39),0) -> 0
C40: Hard | D40: =COUNTIFS('Error Log'!$I$3:$I$314,D$37,'Error Log'!$C$3:$C$314,$B$38,'Error Log'!$D$3:$D$314,$C40) -> 0 | E40: =COUNTIFS('Error Log'!$I$3:$I$314,E$37,'Error Log'!$C$3:$C$314,$B$38,'Error Log'!$D$3:$D$314,C40) -> 0 | F40: =COUNTIFS('Error Log'!$I$3:$I$314,F$37,'Error Log'!$C$3:$C$314,$B$38,'Error Log'!$D$3:$D$314,C40) -> 21 | G40: =SUM(D40:F40) -> 21 | H40: =IFERROR(AVERAGEIFS('Error Log'!$K$3:$K$314,'Error Log'!$C$3:$C$314,Analysis!B40,'Error Log'!$H$3:$H$314,"<>",'Error Log'!$D$3:$D$314,C40),0) -> 0
C41: Very Hard | D41: =COUNTIFS('Error Log'!$I$3:$I$314,D$37,'Error Log'!$C$3:$C$314,$B$38,'Error Log'!$D$3:$D$314,$C41) -> 0 | E41: =COUNTIFS('Error Log'!$I$3:$I$314,E$37,'Error Log'!$C$3:$C$314,$B$38,'Error Log'!$D$3:$D$314,C41) -> 0 | F41: =COUNTIFS('Error Log'!$I$3:$I$314,F$37,'Error Log'!$C$3:$C$314,$B$38,'Error Log'!$D$3:$D$314,C41) -> 12 | G41: =SUM(D41:F41) -> 12 | H41: =IFERROR(AVERAGEIFS('Error Log'!$K$3:$K$314,'Error Log'!$C$3:$C$314,Analysis!B41,'Error Log'!$H$3:$H$314,"<>",'Error Log'!$D$3:$D$314,C41),0) -> 0
C42: N/A | D42: =COUNTIFS('Error Log'!$I$3:$I$314,D$37,'Error Log'!$C$3:$C$314,$B$38,'Error Log'!$D$3:$D$314,$C42) -> 0 | E42: =COUNTIFS('Error Log'!$I$3:$I$314,E$37,'Error Log'!$C$3:$C$314,$B$38,'Error Log'!$D$3:$D$314,C42) -> 0 | F42: =COUNTIFS('Error Log'!$I$3:$I$314,F$37,'Error Log'!$C$3:$C$314,$B$38,'Error Log'!$D$3:$D$314,C42) -> 0 | G42: =SUM(D42:F42) -> 0 | H42: =IFERROR(AVERAGEIFS('Error Log'!$K$3:$K$314,'Error Log'!$C$3:$C$314,Analysis!B42,'Error Log'!$H$3:$H$314,"<>",'Error Log'!$D$3:$D$314,C42),0) -> 0
B43: CR | C43: Easy | D43: =COUNTIFS('Error Log'!$I$3:$I$314,D$37,'Error Log'!$C$3:$C$314,B43,'Error Log'!$D$3:$D$314,$C43) -> 0 | E43: =COUNTIFS('Error Log'!$I$3:$I$314,E$37,'Error Log'!$C$3:$C$314,$B$43,'Error Log'!$D$3:$D$314,$C43) -> 0 | F43: =COUNTIFS('Error Log'!$I$3:$I$314,F$37,'Error Log'!$C$3:$C$314,$B$48,'Error Log'!$D$3:$D$314,$C43) -> 59 | G43: =SUM(D43:F43) -> 59 | H43: =IFERROR(AVERAGEIFS('Error Log'!$K$3:$K$314,'Error Log'!$C$3:$C$314,Analysis!B43,'Error Log'!$H$3:$H$314,"<>",'Error Log'!$D$3:$D$314,C43),0) -> 0
C44: Medium | D44: =COUNTIFS('Error Log'!$I$3:$I$314,D$37,'Error Log'!$C$3:$C$314,B44,'Error Log'!$D$3:$D$314,$C44) -> 0 | E44: =COUNTIFS('Error Log'!$I$3:$I$314,E$37,'Error Log'!$C$3:$C$314,$B$43,'Error Log'!$D$3:$D$314,$C44) -> 0 | F44: =COUNTIFS('Error Log'!$I$3:$I$314,F$37,'Error Log'!$C$3:$C$314,$B$48,'Error Log'!$D$3:$D$314,$C44) -> 41 | G44: =SUM(D44:F44) -> 41 | H44: =IFERROR(AVERAGEIFS('Error Log'!$K$3:$K$314,'Error Log'!$C$3:$C$314,Analysis!B44,'Error Log'!$H$3:$H$314,"<>",'Error Log'!$D$3:$D$314,C44),0) -> 0
C45: Hard | D45: =COUNTIFS('Error Log'!$I$3:$I$314,D$37,'Error Log'!$C$3:$C$314,B45,'Error Log'!$D$3:$D$314,$C45) -> 0 | E45: =COUNTIFS('Error Log'!$I$3:$I$314,E$37,'Error Log'!$C$3:$C$314,$B$43,'Error Log'!$D$3:$D$314,$C45) -> 0 | F45: =COUNTIFS('Error Log'!$I$3:$I$314,F$37,'Error Log'!$C$3:$C$314,$B$48,'Error Log'!$D$3:$D$314,$C45) -> 9 | G45: =SUM(D45:F45) -> 9 | H45: =IFERROR(AVERAGEIFS('Error Log'!$K$3:$K$314,'Error Log'!$C$3:$C$314,Analysis!B45,'Error Log'!$H$3:$H$314,"<>",'Error Log'!$D$3:$D$314,C45),0) -> 0
C46: Very Hard | D46: =COUNTIFS('Error Log'!$I$3:$I$314,D$37,'Error Log'!$C$3:$C$314,B46,'Error Log'!$D$3:$D$314,$C46) -> 0 | E46: =COUNTIFS('Error Log'!$I$3:$I$314,E$37,'Error Log'!$C$3:$C$314,$B$43,'Error Log'!$D$3:$D$314,$C46) -> 0 | F46: =COUNTIFS('Error Log'!$I$3:$I$314,F$37,'Error Log'!$C$3:$C$314,$B$48,'Error Log'!$D$3:$D$314,$C46) -> 4 | G46: =SUM(D46:F46) -> 4 | H46: =IFERROR(AVERAGEIFS('Error Log'!$K$3:$K$314,'Error Log'!$C$3:$C$314,Analysis!B46,'Error Log'!$H$3:$H$314,"<>",'Error Log'!$D$3:$D$314,C46),0) -> 0
C47: N/A | D47: =COUNTIFS('Error Log'!$I$3:$I$314,D$37,'Error Log'!$C$3:$C$314,B47,'Error Log'!$D$3:$D$314,$C47) -> 0 | E47: =COUNTIFS('Error Log'!$I$3:$I$314,E$37,'Error Log'!$C$3:$C$314,$B$43,'Error Log'!$D$3:$D$314,$C47) -> 0 | F47: =COUNTIFS('Error Log'!$I$3:$I$314,F$37,'Error Log'!$C$3:$C$314,$B$48,'Error Log'!$D$3:$D$314,$C47) -> 0 | G47: =SUM(D47:F47) -> 0 | H47: =IFERROR(AVERAGEIFS('Error Log'!$K$3:$K$314,'Error Log'!$C$3:$C$314,Analysis!B47,'Error Log'!$H$3:$H$314,"<>",'Error Log'!$D$3:$D$314,C47),0) -> 0
B48: SC | C48: Easy | D48: =COUNTIFS('Error Log'!$I$3:$I$314,D$37,'Error Log'!$C$3:$C$314,B48,'Error Log'!$D$3:$D$314,$C48) -> 0 | E48: =COUNTIFS('Error Log'!$I$3:$I$314,E$37,'Error Log'!$C$3:$C$314,$B$48,'Error Log'!$D$3:$D$314,$C48) -> 0 | F48: =COUNTIFS('Error Log'!$I$3:$I$314,F$37,'Error Log'!$C$3:$C$314,$B$48,'Error Log'!$D$3:$D$314,$C48) -> 59 | G48: =SUM(D48:F48) -> 59 | H48: =IFERROR(AVERAGEIFS('Error Log'!$K$3:$K$314,'Error Log'!$C$3:$C$314,Analysis!B48,'Error Log'!$H$3:$H$314,"<>",'Error Log'!$D$3:$D$314,C48),0) -> 0
C49: Medium | D49: =COUNTIFS('Error Log'!$I$3:$I$314,D$37,'Error Log'!$C$3:$C$314,B49,'Error Log'!$D$3:$D$314,$C49) -> 0 | E49: =COUNTIFS('Error Log'!$I$3:$I$314,E$37,'Error Log'!$C$3:$C$314,$B$48,'Error Log'!$D$3:$D$314,$C49) -> 0 | F49: =COUNTIFS('Error Log'!$I$3:$I$314,F$37,'Error Log'!$C$3:$C$314,$B$48,'Error Log'!$D$3:$D$314,$C49) -> 41 | G49: =SUM(D49:F49) -> 41 | H49: =IFERROR(AVERAGEIFS('Error Log'!$K$3:$K$314,'Error Log'!$C$3:$C$314,Analysis!B49,'Error Log'!$H$3:$H$314,"<>",'Error Log'!$D$3:$D$314,C49),0) -> 0
C50: Hard | D50: =COUNTIFS('Error Log'!$I$3:$I$314,D$37,'Error Log'!$C$3:$C$314,B50,'Error Log'!$D$3:$D$314,$C50) -> 0 | E50: =COUNTIFS('Error Log'!$I$3:$I$314,E$37,'Error Log'!$C$3:$C$314,$B$48,'Error Log'!$D$3:$D$314,$C50) -> 0 | F50: =COUNTIFS('Error Log'!$I$3:$I$314,F$37,'Error Log'!$C$3:$C$314,$B$48,'Error Log'!$D$3:$D$314,$C50) -> 9 | G50: =SUM(D50:F50) -> 9 | H50: =IFERROR(AVERAGEIFS('Error Log'!$K$3:$K$314,'Error Log'!$C$3:$C$314,Analysis!B50,'Error Log'!$H$3:$H$314,"<>",'Error Log'!$D$3:$D$314,C50),0) -> 0
C51: Very Hard | D51: =COUNTIFS('Error Log'!$I$3:$I$314,D$37,'Error Log'!$C$3:$C$314,B51,'Error Log'!$D$3:$D$314,$C51) -> 0 | E51: =COUNTIFS('Error Log'!$I$3:$I$314,E$37,'Error Log'!$C$3:$C$314,$B$48,'Error Log'!$D$3:$D$314,$C51) -> 0 | F51: =COUNTIFS('Error Log'!$I$3:$I$314,F$37,'Error Log'!$C$3:$C$314,$B$48,'Error Log'!$D$3:$D$314,$C51) -> 4 | G51: =SUM(D51:F51) -> 4 | H51: =IFERROR(AVERAGEIFS('Error Log'!$K$3:$K$314,'Error Log'!$C$3:$C$314,Analysis!B51,'Error Log'!$H$3:$H$314,"<>",'Error Log'!$D$3:$D$314,C51),0) -> 0
C52: N/A | D52: =COUNTIFS('Error Log'!$I$3:$I$314,D$37,'Error Log'!$C$3:$C$314,B52,'Error Log'!$D$3:$D$314,$C52) -> 0 | E52: =COUNTIFS('Error Log'!$I$3:$I$314,E$37,'Error Log'!$C$3:$C$314,$B$48,'Error Log'!$D$3:$D$314,$C52) -> 0 | F52: =COUNTIFS('Error Log'!$I$3:$I$314,F$37,'Error Log'!$C$3:$C$314,$B$48,'Error Log'!$D$3:$D$314,$C52) -> 0 | G52: =SUM(D52:F52) -> 0 | H52: =IFERROR(AVERAGEIFS('Error Log'!$K$3:$K$314,'Error Log'!$C$3:$C$314,Analysis!B52,'Error Log'!$H$3:$H$314,"<>",'Error Log'!$D$3:$D$314,C52),0) -> 0
A53: Total | D53: =SUM(D38:D52) -> 0 | E53: =SUM(E38:E52) -> 0 | F53: =SUM(F38:F52) -> 327 | G53: =SUM(G38:G52) -> 327 | H53: =IFERROR(AVERAGEIFS('Error Log'!$K$3:$K$314,'Error Log'!$B$3:$B$302,"Quant",'Error Log'!$H$3:$H$302,"<>"),0) -> 0

Sheet Percentile (approx)
B1: Easy | C1: Medium | D1: Hard | E1: Very Hard
A2: RC | B2: 1%-17% | C2: 20%-39% | D2: 40%-59% | E2: 60%-73%
A3: CR | B3: 5%-15% | C3: 25%-65% | D3: 55%-65% | E3: 45%-95%
A4: SC | B4: 5%-45% | C4: 25%-55% | D4: 55%-65% | E4: 75%-95%

Sheet Target Time
B1: Easy | C1: Medium | D1: Hard | E1: Very Hard
A2: RC | B2: 60 | C2: 90 | D2: 120 | E2: 180
A3: CR | B3: 60 | C3: 90 | D3: 120 | E3: 180
A4: SC | B4: 60 | C4: 90 | D4: 120 | E4: 180
